Workbook
Name año: [1]Listas!$M$2:$M$8
Name Cuenta: [1]Listas!$I$2:$I$5
Name Despacho: [1]Listas!$E$2:$E$4
Name dia: [1]Listas!$L$2:$L$34
Name entidad: [1]Listas!$A$2:$A$35
Name Fecha: [2]Listas!$L$2:$L$13
Name Mes: [1]Listas!$G$2:$G$13
Name Print_Area: 'ALERTAS DIRECCIONES'!$A$1:$T$56
Name Print_Area: 'CONSOLIDADO '!$A$3:$O$20
Name Print_Area: 'DATOS REGALIAS'!$C$1:$Q$20
Name Print_Area: DECRETO1477_2026!$A$2:$E$158
Name Print_Area: GLOSARIO!$A$1:$M$27
Name Print_Area: 'POR DIRECCIONES'!$A$2:$P$203
Name Print_Titles: 'ALERTAS DIRECCIONES'!$1:$4
Name Print_Titles: 'CONSOLIDADO '!$3:$21
Name Print_Titles: DECRETO1477_2026!$2:$2
Name Print_Titles: 'POR DIRECCIONES'!$2:$5
Name Sumar?: [1]Listas!$F$2:$F$3
Name Tipo_gasto: [1]Listas!$D$2:$D$3

Sheet SENTENCI 2025
A1: Año Fiscal: | B1: 2025
A2: Vigencia: | B2: Actual
A3: Periodo: | B3: Enero
A4: UEJ | B4: NOMBRE UEJ | C4: RUBRO | D4: TIPO | E4: CTA | F4: SUB CTA | G4: OBJ | H4: ORD | I4: SOR ORD | J4: ITEM | K4: SUB ITEM | L4: SUB ITEM 2 | M4: FUENTE | N4: REC | O4: SIT | P4: DESCRIPCION | Q4: APR. INICIAL | R4: APR. ADICIONADA | S4: APR. REDUCIDA | T4: APR. VIGENTE | U4: APR BLOQUEADA | V4: CDP | W4: APR. DISPONIBLE | X4: COMPROMISO | Y4: OBLIGACION | Z4: ORDEN PAGO | AA4: PAGOS
A5: 37-01-01-000 | B5: MININTERIOR GESTION GENERAL | C5: A-01-01-01 | D5: A | E5: 01 | F5: 01 | G5: 01 | M5: Nación | N5: 10 | O5: CSF | P5: SALARIO | Q5: 33196500000 | R5: 0 | S5: 0 | T5: 33196500000 | U5: 0 | V5: 32137043020 | W5: 1059456980 | X5: 0 | Y5: 0 | Z5: 0 | AA5: 0
A6: 37-01-01-000 | B6: MININTERIOR GESTION GENERAL | C6: A-01-01-02 | D6: A | E6: 01 | F6: 01 | G6: 02 | M6: Nación | N6: 10 | O6: CSF | P6: CONTRIBUCIONES INHERENTES A LA NÓMINA | Q6: 11810400000 | R6: 0 | S6: 0 | T6: 11810400000 | U6: 0 | V6: 11810399998 | W6: 2 | X6: 0 | Y6: 0 | Z6: 0 | AA6: 0
A7: 37-01-01-000 | B7: MININTERIOR GESTION GENERAL | C7: A-01-01-03 | D7: A | E7: 01 | F7: 01 | G7: 03 | M7: Nación | N7: 10 | O7: CSF | P7: REMUNERACIONES NO CONSTITUTIVAS DE FACTOR SALARIAL | Q7: 5515500000 | R7: 0 | S7: 0 | T7: 5515500000 | U7: 0 | V7: 4959705104 | W7: 555794896 | X7: 0 | Y7: 0 | Z7: 0 | AA7: 0
A8: 37-01-01-000 | B8: MININTERIOR GESTION GENERAL | C8: A-02 | D8: A | E8: 02 | M8: Nación | N8: 10 | O8: CSF | P8: ADQUISICIÓN DE BIENES Y SERVICIOS | Q8: 2503020438 | R8: 6275079562 | S8: 0 | T8: 8778100000 | U8: 0 | V8: 7.3150632e+09 | W8: 1.4630368e+09 | X8: 3.0408938e+09 | Y8: 0 | Z8: 0 | AA8: 0
A9: 37-01-01-000 | B9: MININTERIOR GESTION GENERAL | C9: A-03-03-01-035 | D9: A | E9: 03 | F9: 03 | G9: 01 | H9: 035 | M9: Nación | N9: 10 | O9: CSF | P9: FORTALECIMIENTO A LA GESTIÓN TERRITORIAL Y BUEN GOBIERNO LOCAL | Q9: 15000000000 | R9: 0 | S9: 0 | T9: 15000000000 | U9: 0 | V9: 13525192300 | W9: 1474807700 | X9: 756841867 | Y9: 0 | Z9: 0 | AA9: 0
A10: 37-01-01-000 | B10: MININTERIOR GESTION GENERAL | C10: A-03-03-01-065 | D10: A | E10: 03 | F10: 03 | G10: 01 | H10: 065 | M10: Nación | N10: 10 | O10: CSF | P10: APOYO A LAS DISPOSICIONES PARA GARANTIZAR EL PLENO EJERCICIO DE LOS DERECHOS DE LAS PERSONAS CON DISCAPACIDAD. LEY 1618 DE 2013 | Q10: 2619300000 | R10: 0 | S10: 0 | T10: 2619300000 | U10: 0 | V10: 2619300000 | W10: 0 | X10: 0 | Y10: 0 | Z10: 0 | AA10: 0
A11: 37-01-01-000 | B11: MININTERIOR GESTION GENERAL | C11: A-03-03-02-014 | D11: A | E11: 03 | F11: 03 | G11: 02 | H11: 014 | M11: Nación | N11: 10 | O11: CSF | P11: PUEBLO NUKAK MAKU (ARTÍCULO 35 DECRETO 1953 DE 2014) | Q11: 7221500000 | R11: 0 | S11: 0 | T11: 7221500000 | U11: 0 | V11: 0 | W11: 7221500000 | X11: 0 | Y11: 0 | Z11: 0 | AA11: 0
A12: 37-01-01-000 | B12: MININTERIOR GESTION GENERAL | C12: A-03-03-02-024 | D12: A | E12: 03 | F12: 03 | G12: 02 | H12: 024 | M12: Nación | N12: 10 | O12: CSF | P12: ORGANIZACIÓN Y FUNCIONAMIENTO DEPARTAMENTO DEL AMAZONAS | Q12: 4946200000 | R12: 0 | S12: 0 | T12: 4946200000 | U12: 0 | V12: 0 | W12: 4946200000 | X12: 0 | Y12: 0 | Z12: 0 | AA12: 0
A13: 37-01-01-000 | B13: MININTERIOR GESTION GENERAL | C13: A-03-03-02-025 | D13: A | E13: 03 | F13: 03 | G13: 02 | H13: 025 | M13: Nación | N13: 10 | O13: CSF | P13: ORGANIZACIÓN Y FUNCIONAMIENTO DEPARTAMENTO DEL GUAINÍA | Q13: 3514700000 | R13: 0 | S13: 0 | T13: 3514700000 | U13: 0 | V13: 0 | W13: 3514700000 | X13: 0 | Y13: 0 | Z13: 0 | AA13: 0
A14: 37-01-01-000 | B14: MININTERIOR GESTION GENERAL | C14: A-03-03-02-026 | D14: A | E14: 03 | F14: 03 | G14: 02 | H14: 026 | M14: Nación | N14: 10 | O14: CSF | P14: ORGANIZACIÓN Y FUNCIONAMIENTO DEPARTAMENTO DEL GUAVIARE | Q14: 2735900000 | R14: 0 | S14: 0 | T14: 2735900000 | U14: 0 | V14: 0 | W14: 2735900000 | X14: 0 | Y14: 0 | Z14: 0 | AA14: 0
A15: 37-01-01-000 | B15: MININTERIOR GESTION GENERAL | C15: A-03-03-02-027 | D15: A | E15: 03 | F15: 03 | G15: 02 | H15: 027 | M15: Nación | N15: 10 | O15: CSF | P15: ORGANIZACIÓN Y FUNCIONAMIENTO DEPARTAMENTO DEL VAUPÉS | Q15: 3511200000 | R15: 0 | S15: 0 | T15: 3511200000 | U15: 0 | V15: 0 | W15: 3511200000 | X15: 0 | Y15: 0 | Z15: 0 | AA15: 0
A16: 37-01-01-000 | B16: MININTERIOR GESTION GENERAL | C16: A-03-03-02-028 | D16: A | E16: 03 | F16: 03 | G16: 02 | H16: 028 | M16: Nación | N16: 10 | O16: CSF | P16: ORGANIZACIÓN Y FUNCIONAMIENTO DEPARTAMENTO DEL VICHADA | Q16: 5556100000 | R16: 0 | S16: 0 | T16: 5556100000 | U16: 0 | V16: 0 | W16: 5556100000 | X16: 0 | Y16: 0 | Z16: 0 | AA16: 0
A17: 37-01-01-000 | B17: MININTERIOR GESTION GENERAL | C17: A-03-03-04-060 | D17: A | E17: 03 | F17: 03 | G17: 04 | H17: 060 | M17: Nación | N17: 10 | O17: CSF | P17: PAGO DE APORTES SOBRE LOS VOLUNTARIOS ACREDITADOS Y ACTIVOS DEL SUBSISTEMA NACIONAL DE PRIMERA RESPUESTA AFILIADOS AL SGRL - DECRETO 1809 DE 2020 | Q17: 8905600000 | R17: 0 | S17: 0 | T17: 8905600000 | U17: 0 | V17: 0 | W17: 8905600000 | X17: 0 | Y17: 0 | Z17: 0 | AA17: 0
A18: 37-01-01-000 | B18: MININTERIOR GESTION GENERAL | C18: A-03-03-04-062 | D18: A | E18: 03 | F18: 03 | G18: 04 | H18: 062 | M18: Nación | N18: 10 | O18: CSF | P18: APOYO COMITÉ INTERINSTITUCIONAL DE ALERTAS TEMPRANAS CIAT SENTENCIA T-025 DE 2004. | Q18: 3346400000 | R18: 0 | S18: 0 | T18: 3346400000 | U18: 0 | V18: 3338101353 | W18: 8298647 | X18: 1830336667 | Y18: 0 | Z18: 0 | AA18: 0
A19: 37-01-01-000 | B19: MININTERIOR GESTION GENERAL | C19: A-03-04-01-012 | D19: A | E19: 03 | F19: 04 | G19: 01 | H19: 012 | M19: Nación | N19: 10 | O19: CSF | P19: ATENCIÓN INTEGRAL A LA POBLACIÓN DESPLAZADA EN CUMPLIMIENTO DE LA SENTENCIA T-025 DE 2004 (NO DE PENSIONES) | Q19: 8920268284 | R19: 0 | S19: 0 | T19: 8920268284 | U19: 0 | V19: 0 | W19: 8920268284 | X19: 0 | Y19: 0 | Z19: 0 | AA19: 0
A20: 37-01-01-000 | B20: MININTERIOR GESTION GENERAL | C20: A-03-06-01-001 | D20: A | E20: 03 | F20: 06 | G20: 01 | H20: 001 | M20: Nación | N20: 10 | O20: CSF | P20: FORTALECIMIENTO DE LAS ASOCIACIONES Y LIGAS DE CONSUMIDORES (LEY 73 DE 1981 Y DECRETO 1320 DE 1982) | Q20: 1114100000 | R20: 0 | S20: 0 | T20: 1114100000 | U20: 0 | V20: 1114100000 | W20: 0 | X20: 0 | Y20: 0 | Z20: 0 | AA20: 0
... A24: 37-01-01-000 | B24: MININTERIOR GESTION GENERAL | C24: A-03-11-08-001 | D24: A | E24: 03 | F24: 11 | G24: 08 | H24: 001 | M24: Nación | N24: 10 | O24: CSF | P24: FORTALECIMIENTO ORGANIZACIONAL DE LAS ENTIDADES RELIGIOSAS Y LAS ORGANIZACIONES BASADAS EN LA FE COMO ACTORES SOCIALES TRASCENDENTES EN EL MARCO DE LA LEY 133 DE 1994 | Q24: 1826000000 | R24: 0 | S24: 0 | T24: 1826000000 | U24: 0 | V24: 403525000 | W24: 1422475000 | X24: 50750000 | Y24: 0 | Z24: 0 | AA24: 0
A25: 37-01-01-000 | B25: MININTERIOR GESTION GENERAL | C25: A-08-04-01 | D25: A | E25: 08 | F25: 04 | G25: 01 | M25: Nación | N25: 11 | O25: SSF | P25: CUOTA DE FISCALIZACIÓN Y AUDITAJE | Q25: 2869800000 | R25: 0 | S25: 0 | T25: 2869800000 | U25: 0 | V25: 0 | W25: 2869800000 | X25: 0 | Y25: 0 | Z25: 0 | AA25: 0
A26: 37-01-01-000 | B26: MININTERIOR GESTION GENERAL | C26: C-3702-1000-16-20105A | D26: C | E26: 3702 | F26: 1000 | G26: 16 | H26: 20105A | M26: Nación | N26: 16 | O26: CSF | P26: 2. SEGURIDAD HUMANA Y JUSTICIA SOCIAL / A. NUEVO MODELO NACIÓN-TERRITORIO PARA LA CONVIVENCIA Y LA SEGURIDAD CIUDADANA | Q26: 20000000000 | R26: 0 | S26: 0 | T26: 20000000000 | U26: 0 | V26: 262500000 | W26: 19737500000 | X26: 0 | Y26: 0 | Z26: 0 | AA26: 0
A27: 37-01-01-000 | B27: MININTERIOR GESTION GENERAL | C27: C-3702-1000-16-20105B | D27: C | E27: 3702 | F27: 1000 | G27: 16 | H27: 20105B | M27: Nación | N27: 16 | O27: CSF | P27: 2. SEGURIDAD HUMANA Y JUSTICIA SOCIAL / B. CREACIÓN DEL SISTEMA NACIONAL DE CONVIVENCIA PARA LA VIDA | Q27: 20000000000 | R27: 0 | S27: 0 | T27: 20000000000 | U27: 0 | V27: 4354172010 | W27: 15645827990 | X27: 1.0701103e+09 | Y27: 0 | Z27: 0 | AA27: 0
A28: 37-01-01-000 | B28: MININTERIOR GESTION GENERAL | C28: C-3799-1000-15-53105B | D28: C | E28: 3799 | F28: 1000 | G28: 15 | H28: 53105B | M28: Nación | N28: 10 | O28: CSF | P28: 5. CONVERGENCIA REGIONAL / B. ENTIDADES PÚBLICAS TERRITORIALES Y NACIONALES FORTALECIDAS | Q28: 500000000 | R28: 0 | S28: 0 | T28: 500000000 | U28: 0 | V28: 112070000 | W28: 387930000 | X28: 0 | Y28: 0 | Z28: 0 | AA28: 0
A29: 37-01-01-000 | B29: MININTERIOR GESTION GENERAL | C29: C-3799-1000-15-53105D | D29: C | E29: 3799 | F29: 1000 | G29: 15 | H29: 53105D | M29: Nación | N29: 10 | O29: CSF | P29: 5. CONVERGENCIA REGIONAL / D. GOBIERNO DIGITAL PARA LA GENTE | Q29: 500000000 | R29: 0 | S29: 0 | T29: 500000000 | U29: 0 | V29: 1330000 | W29: 498670000 | X29: 0 | Y29: 0 | Z29: 0 | AA29: 0
A30: 37-01-01-000 | B30: MININTERIOR GESTION GENERAL | C30: C-3799-1000-16-53105B | D30: C | E30: 3799 | F30: 1000 | G30: 16 | H30: 53105B | M30: Nación | N30: 10 | O30: CSF | P30: 5. CONVERGENCIA REGIONAL / B. ENTIDADES PÚBLICAS TERRITORIALES Y NACIONALES FORTALECIDAS | Q30: 2000826322 | R30: 0 | S30: 0 | T30: 2000826322 | U30: 0 | V30: 1023733333 | W30: 977092989 | X30: 137600000 | Y30: 0 | Z30: 0 | AA30: 0
A31: 37-01-01-000 | B31: MININTERIOR GESTION GENERAL | C31: C-3799-1000-17-20104A | D31: C | E31: 3799 | F31: 1000 | G31: 17 | H31: 20104A | M31: Nación | N31: 10 | O31: CSF | P31: 2. SEGURIDAD HUMANA Y JUSTICIA SOCIAL / A. IMPLEMENTACIÓN DEL PROGRAMA DE DATOS BÁSICOS | Q31: 1000000000 | R31: 0 | S31: 0 | T31: 1000000000 | U31: 0 | V31: 0 | W31: 1000000000 | X31: 0 | Y31: 0 | Z31: 0 | AA31: 0
A32: 37-01-01-000 | B32: MININTERIOR GESTION GENERAL | C32: C-3799-1000-17-20104B | D32: C | E32: 3799 | F32: 1000 | G32: 17 | H32: 20104B | M32: Nación | N32: 10 | O32: CSF | P32: 2. SEGURIDAD HUMANA Y JUSTICIA SOCIAL / B. INTEROPERABILIDAD COMO BIEN PÚBLICO DIGITAL | Q32: 1000000000 | R32: 0 | S32: 0 | T32: 1000000000 | U32: 0 | V32: 0 | W32: 1000000000 | X32: 0 | Y32: 0 | Z32: 0 | AA32: 0
A33: 37-01-01-000 | B33: MININTERIOR GESTION GENERAL | C33: C-3799-1000-17-20108B | D33: C | E33: 3799 | F33: 1000 | G33: 17 | H33: 20108B | M33: Nación | N33: 10 | O33: CSF | P33: 2. SEGURIDAD HUMANA Y JUSTICIA SOCIAL / B. PROTECCIÓN DE LAS PERSONAS, DE LAS INFRAESTRUCTURAS DIGITALES, FORTALECIMIENTO DE LAS ENTIDADES DEL ESTADO Y GARANTÍA EN LA PRESTACIÓN DE SUS SERVICIOS EN EL ENTORNO DIGITAL | Q33: 500000000 | R33: 0 | S33: 0 | T33: 500000000 | U33: 0 | V33: 0 | W33: 500000000 | X33: 0 | Y33: 0 | Z33: 0 | AA33: 0
A34: 37-01-01-000 | B34: MININTERIOR GESTION GENERAL | C34: C-3799-1000-17-53105D | D34: C | E34: 3799 | F34: 1000 | G34: 17 | H34: 53105D | M34: Nación | N34: 10 | O34: CSF | P34: 5. CONVERGENCIA REGIONAL / D. GOBIERNO DIGITAL PARA LA GENTE | Q34: 500000000 | R34: 0 | S34: 0 | T34: 500000000 | U34: 0 | V34: 0 | W34: 500000000 | X34: 0 | Y34: 0 | Z34: 0 | AA34: 0
A35: 37-01-01-000 | B35: MININTERIOR GESTION GENERAL | C35: C-3799-1000-20-53105B | D35: C | E35: 3799 | F35: 1000 | G35: 20 | H35: 53105B | M35: Nación | N35: 10 | O35: CSF | P35: 5. CONVERGENCIA REGIONAL / B. ENTIDADES PÚBLICAS TERRITORIALES Y NACIONALES FORTALECIDAS | Q35: 1000000000 | R35: 0 | S35: 0 | T35: 1000000000 | U35: 0 | V35: 822876082 | W35: 177123918 | X35: 70266667 | Y35: 0 | Z35: 0 | AA35: 0
A36: 37-01-01-019 | B36: ATENCION POBLACION DESPLAZADA (APD) | C36: A-03-04-01-012 | D36: A | E36: 03 | F36: 04 | G36: 01 | H36: 012 | M36: Nación | N36: 10 | O36: CSF | P36: ATENCIÓN INTEGRAL A LA POBLACIÓN DESPLAZADA EN CUMPLIMIENTO DE LA SENTENCIA T-025 DE 2004 (NO DE PENSIONES) | Q36: 13158276991 | R36: 0 | S36: 0 | T36: 13158276991 | U36: 0 | V36: 10666809179 | W36: 2491467812 | X36: 883623024 | Y36: 0 | Z36: 0 | AA36: 0
A37: 37-01-01-020 | B37: T 025 DIRECCION DE COMUNIDADES NEGRAS | C37: A-03-04-01-012 | D37: A | E37: 03 | F37: 04 | G37: 01 | H37: 012 | M37: Nación | N37: 10 | O37: CSF | P37: ATENCIÓN INTEGRAL A LA POBLACIÓN DESPLAZADA EN CUMPLIMIENTO DE LA SENTENCIA T-025 DE 2004 (NO DE PENSIONES) | Q37: 10400034000 | R37: 0 | S37: 0 | T37: 10400034000 | U37: 0 | V37: 10200034001 | W37: 199999999 | X37: 0 | Y37: 0 | Z37: 0 | AA37: 0
A38: 37-01-01-021 | B38: T 025 DAIRM | C38: A-03-04-01-012 | D38: A | E38: 03 | F38: 04 | G38: 01 | H38: 012 | M38: Nación | N38: 10 | O38: CSF | P38: ATENCIÓN INTEGRAL A LA POBLACIÓN DESPLAZADA EN CUMPLIMIENTO DE LA SENTENCIA T-025 DE 2004 (NO DE PENSIONES) | Q38: 14368420725 | R38: 0 | S38: 0 | T38: 14368420725 | U38: 0 | V38: 0 | W38: 14368420725 | X38: 0 | Y38: 0 | Z38: 0 | AA38: 0
Q39: 335531446760 | R39: 6275079562 | S39: 0 | T39: 341806526322 | U39: 0 | V39: 1.8480402e+11 | W39: 1.5700251e+11 | X39: 8.9769127e+09 | Y39: 0 | Z39: 0 | AA39: 0

Sheet UNP
A2: cifras en millones de pesos
A3: UNIDAD NACIONAL DE PROTECCIÓN
A4: CONCEPTO | B4: APROPIACION INICIAL | C4: APROPIACION VIGENTE | D4: BLOQUEO | E4: APROPIACION DESPUES DE APLAZAMIENTO | F4: CDP | G4: % CDP | H4: APROPIACION DISPONIBLE | I4: COMPROMISO | J4: % COMPROMETIDO | K4: OBLIGACIÓN | L4: % OBLIGACION
A5: GASTOS DE PERSONAL | B5: =+#REF! -> #REF! | C5: =+#REF! -> #REF! | D5: =+#REF! -> #REF! | E5: =+#REF! -> #REF! | F5: =+#REF! -> #REF! | G5: =+F5/E5 -> #REF! | H5: =+E5-F5 -> #REF! | I5: =+#REF! -> #REF! | J5: =+I5/E5 -> #REF! | K5: =+#REF! -> #REF! | L5: =+K5/E5 -> #REF!
A6: ADQUISICIÓN DE BIENES Y SERVICIOS | B6: =+#REF! -> #REF! | C6: =+#REF! -> #REF! | D6: =+#REF! -> #REF! | E6: =+#REF! -> #REF! | F6: =+#REF! -> #REF! | G6: =+F6/E6 -> #REF! | H6: =+E6-F6 -> #REF! | I6: =+#REF! -> #REF! | J6: =+I6/E6 -> #REF! | K6: =+#REF! -> #REF! | L6: =+K6/E6 -> #REF!
A7: TRANSFERENCIAS CORRIENTES | B7: =+#REF! -> #REF! | C7: =+#REF! -> #REF! | D7: =+#REF! -> #REF! | E7: =+#REF! -> #REF! | F7: =+#REF! -> #REF! | G7: =+F7/E7 -> #REF! | H7: =+E7-F7 -> #REF! | I7: =+#REF! -> #REF! | J7: =+I7/E7 -> #REF! | K7: =+#REF! -> #REF! | L7: =+K7/E7 -> #REF!
A8: GASTOS DE COMERCIALIZACIÓN Y PRODUCCIÓN | B8: =+#REF! -> #REF! | C8: =+#REF! -> #REF! | D8: =+#REF! -> #REF! | E8: =+#REF! -> #REF! | F8: =+#REF! -> #REF! | G8: =+F8/E8 -> #REF! | H8: =+E8-F8 -> #REF! | I8: =+#REF! -> #REF! | J8: =+I8/E8 -> #REF! | K8: =+#REF! -> #REF! | L8: =+K8/E8 -> #REF!
A9: GASTOS POR TRIBUTOS, MULTAS, SANCIONES E INTERESES DE MORA | B9: =+#REF! -> #REF! | C9: =+#REF! -> #REF! | D9: =+#REF! -> #REF! | E9: =+#REF! -> #REF! | F9: =+#REF! -> #REF! | G9: =+F9/E9 -> #REF! | H9: =+E9-F9 -> #REF! | I9: =+#REF! -> #REF! | J9: =+I9/E9 -> #REF! | K9: =+#REF! -> #REF! | L9: =+K9/E9 -> #REF!
A10: SERVICIO A LA DEUDA | B10: =+#REF! -> #REF! | C10: =+#REF! -> #REF! | D10: =+#REF! -> #REF! | E10: =+#REF! -> #REF! | F10: =+#REF! -> #REF! | G10: =+F10/E10 -> #REF! | H10: =+E10-F10 -> #REF! | I10: =+#REF! -> #REF! | J10: =+I10/E10 -> #REF! | K10: =+#REF! -> #REF! | L10: =+K10/E10 -> #REF!
A11: FUNCIONAMIENTO | B11: =+#REF! -> #REF! | C11: =+#REF! -> #REF! | D11: =+#REF! -> #REF! | E11: =+#REF! -> #REF! | F11: =SUM(F5:F9) -> #REF! | G11: =+F11/E11 -> #REF! | H11: =+E11-F11 -> #REF! | I11: =+#REF! -> #REF! | J11: =+I11/E11 -> #REF! | K11: =+#REF! -> #REF! | L11: =+K11/E11 -> #REF!
A12: INVERSIÓN | B12: =+#REF! -> #REF! | C12: =+#REF! -> #REF! | D12: =+#REF! -> #REF! | E12: =+#REF! -> #REF! | F12: =+#REF! -> #REF! | G12: 0 | H12: =+E12-F12 -> #REF! | I12: =+#REF! -> #REF! | J12: 0 | K12: =+#REF! -> #REF! | L12: 0
A13: INVERSIÓN | B13: =+B12 -> #REF! | C13: =+C12 -> #REF! | D13: =+D12 -> #REF! | E13: =+E12 -> #REF! | F13: =+F12 -> #REF! | G13: 0 | H13: =+E13-F13 -> #REF! | I13: =+I12 -> #REF! | J13: 0 | K13: =+K12 -> #REF! | L13: 0
A14: TOTAL | B14: =+B11+B13 -> #REF! | C14: =+C11+C13 -> #REF! | D14: =+D11+D13 -> #REF! | E14: =+E11+E13 -> #REF! | F14: =+F11+F13 -> #REF! | G14: =+F14/E14 -> #REF! | H14: =+E14-F14 -> #REF! | I14: =+I11+I13 -> #REF! | J14: =+I14/E14 -> #REF! | K14: =+K11+K13 -> #REF! | L14: =+K14/E14 -> #REF!
F17: 246963

Sheet CUADRO SENTENCIA
A4: SEGUIMIENTO AL CUMPLIMIENTO DE LA SENTENCIA T-025 DE 2004 POBLACION DESPLAZADA
A5: Cifras en millones de pesos
A6: DIRECCIÓN | B6: DESCRIPCION | C6: APROPIACION INICIAL | D6: APROPIACION VIGENTE | E6: CDP | F6: % CDP | G6: APROPIACIÓN DISPONIBLE | H6: COMPROMISOS | I6: % COMPROMISOS | J6: APROPIACION SIN COMPROMETER | K6: OBLIGACION | L6: % OBLIGACION
A7: Grupo de articulación interna para la política de víctimas del conflicto armado. | B7: SEGUIMIENTO AL CUMPLIMIENTO DE LA SENTENCIA T-025 DE 2004 POBLACION DESPLAZADA | C7: 21196.122 | D7: 10615.53 | E7: 5241.492 | F7: 0.49375696 | G7: 5374.0382 | H7: 4170.3683 | I7: 0.39285539 | J7: 6445.1619 | K7: 2718.108 | L7: 0.25605014
A8: Dir. Asuntos para Comunidades Negras, Afrocol, Raizales y Palenqueras | C8: 10615.53 | D8: 10615.53 | E8: 9937.0302 | F8: 0.93608421 | G8: 678.5 | H8: 94.5 | I8: 0.0089020518 | J8: 10521.03 | K8: 54.9 | L8: 0.0051716682
A9: Dir. Asuntos Indígenas, ROM y Minorías | C9: 13028.151 | D9: 13028.151 | E9: 0 | F9: 0 | G9: 13028.151 | H9: 0 | I9: 0 | J9: 13028.151 | K9: 0 | L9: 0
A10: Dir. de Derechos Humanos | C10: 13993.199 | D10: 13993.199 | E10: 13807.817 | F10: 0.98675202 | G10: 185.3816 | H10: 6253.552 | I10: 0.44689938 | J10: 7739.6469 | K10: 4614.689 | L10: 0.32978085
A11: TOTAL | C11: 58833.002 | D11: 48252.41 | E11: 28986.339 | F11: 0.60072314 | G11: 19266.071 | H11: 10518.42 | I11: 0.21798746 | J11: 37733.99 | K11: 7387.6971 | L11: 0.15310525
A12: Ejecución vigencia 2026. 31 agosto 2026

Sheet NASA KIWE
A2: Cifras en millones de pesos
A3: CORPORACIÓN NASA KIWE
A4: CONCEPTO | B4: APROPIACION INICIAL | C4: APROPIACION VIGENTE | D4: BLOQUEO | E4: APROPIACION DESPUES DE APLAZAMIENTO | F4: CDP | G4: % CDP | H4: APROPIACION DISPONIBLE | I4: COMPROMISO | J4: % COMPROMISO | K4: OBLIGACIÓN | L4: % OBLIGACION
A5: GASTOS DE PERSONAL | B5: =+#REF! -> #REF! | C5: =+#REF! -> #REF! | D5: =+#REF! -> #REF! | E5: =+C5-D5 -> #REF! | F5: =+#REF! -> #REF! | G5: =+F5/E5 -> #REF! | H5: =+E5-F5 -> #REF! | I5: =+#REF! -> #REF! | J5: =+I5/E5 -> #REF! | K5: =+#REF! -> #REF! | L5: =+K5/E5 -> #REF!
A6: ADQUISICIÓN DE BIENES Y SERVICIOS | B6: =+#REF! -> #REF! | C6: =+#REF! -> #REF! | D6: =+#REF! -> #REF! | E6: =+C6-D6 -> #REF! | F6: =+#REF! -> #REF! | G6: =+F6/E6 -> #REF! | H6: =+E6-F6 -> #REF! | I6: =+#REF! -> #REF! | J6: =+I6/E6 -> #REF! | K6: =+#REF! -> #REF! | L6: =+K6/E6 -> #REF!
A7: GASTOS POR TRIBUTOS, MULTAS, SANCIONES E INTERESES DE MORA | B7: =+#REF! -> #REF! | C7: =+#REF! -> #REF! | D7: =+#REF! -> #REF! | E7: =+#REF! -> #REF! | F7: =+#REF! -> #REF! | G7: =+F7/E7 -> #REF! | H7: =+E7-F7 -> #REF! | I7: =+#REF! -> #REF! | J7: =+I7/E7 -> #REF! | K7: =+#REF! -> #REF! | L7: =+K7/E7 -> #REF!
A8: FUNCIONAMIENTO | B8: =+#REF! -> #REF! | C8: =+#REF! -> #REF! | D8: =+#REF! -> #REF! | E8: =+C8-D8 -> #REF! | F8: =SUM(F5:F7) -> #REF! | G8: =+F8/E8 -> #REF! | H8: =+E8-F8 -> #REF! | I8: =+#REF! -> #REF! | J8: =+I8/E8 -> #REF! | K8: =+#REF! -> #REF! | L8: =+K8/E8 -> #REF!
A9: INVERSION | B9: =+#REF! -> #REF! | C9: =+#REF! -> #REF! | D9: =+#REF! -> #REF! | E9: =+C9-D9 -> #REF! | F9: =+#REF! -> #REF! | G9: =+F9/E9 -> #REF! | H9: =+E9-F9 -> #REF! | I9: =+#REF! -> #REF! | J9: =+I9/E9 -> #REF! | K9: =+#REF! -> #REF! | L9: =+K9/E9 -> #REF!
A10: INVERSIÓN | B10: =+B9 -> #REF! | C10: =+C9 -> #REF! | D10: =+D9 -> #REF! | E10: =+C10-D10 -> #REF! | F10: =+F9 -> #REF! | G10: =+F10/E10 -> #REF! | H10: =+E10-F10 -> #REF! | I10: =+I9 -> #REF! | J10: =+I10/E10 -> #REF! | K10: =+K9 -> #REF! | L10: =+K10/E10 -> #REF!
A11: TOTAL | B11: =+B8+B10 -> #REF! | C11: =+C8+C10 -> #REF! | D11: =+D8+D10 -> #REF! | E11: =+C11-D11 -> #REF! | F11: =+F8+F10 -> #REF! | G11: =+F11/E11 -> #REF! | H11: =+E11-F11 -> #REF! | I11: =+I8+I10 -> #REF! | J11: =+I11/E11 -> #REF! | K11: =+K8+K10 -> #REF! | L11: =+K11/E11 -> #REF!

Sheet DECRETO1477_2026
A2: PRESUPUESTO 2026
A3: NOMBRE UEJ | B3: RUBRO | C3: Código BPIN | D3: NOMBRE PROGRAMA MISIONAL DE FUNCIONAMIENTO Y/O PROYECTO DE INVERSIÓN | E3: Decreto de Liquidación 1477 PGN 2026 | F3: VIGENCIA FUTURA 2026 | G3: AJUSTE A DECRETO | H3: Solicitud de Viabilidad 0 | J3: Respuesta de Viabilidad 0 | L3: Solicitud de Viabilidad 1 | N3: Respuesta de Viabilidad 1 | P3: Solicitud de Viabilidad 2 | R3: Respuesta de Viabilidad 2
H4: Radicado Control Doc | I4: Fecha | J4: Radicado Control Doc | K4: Fecha | L4: Radicado Control Doc | M4: Fecha | N4: Radicado Control Doc | O4: Fecha | P4: Radicado Control Doc | Q4: Fecha | R4: Radicado Control Doc | S4: Fecha
A5: Dirección de Asuntos y para Comunidades Negras, Raizales y Palenqueras | B5: A-03-06-01-012 | D5: FORTALECIMIENTO A LOS PROCESOS ORGANIZATIVOS Y DE CONCERTACIÓN DE LAS COMUNIDADES NEGRAS, AFROCOLOMBIANAS, RAIZALES Y PALENQUERAS | E5: 29933000000 | F5: 11709401282 | H5: 2025-3-002201-038731 Id: 682322 | I5: 46022 | J5: 2026-3-001102-000038 Id: 683013 | K5: 46024
B6: A-03-04-01-012 | D6: ATENCIÓN INTEGRAL A LA POBLACIÓN DESPLAZADA EN CUMPLIMIENTO DE LA SENTENCIA T-025 DE 2004 (NO DE PENSIONES) | E6: 10615530200 | H6: 2026-3-002201-000613 Id: 683999 | I6: 46029 | J6: 2026-3-001102-000651 Id: 684073 | K6: 46029
B7: TRANSFERENCIAS | E7: =SUM(E5:E6) -> 40548530200 | F7: =SUM(F5:F6) -> 11709401282
B8: C-3701-1000-48-40070203 | C8: 202400000000140 | D8: FORTALECIMIENTO DE LOS GOBIERNOS PROPIOS, SISTEMAS ORGANIZATIVOS Y AUTOSOSTENIBILIDAD DE LAS COMUNIDADES NEGRAS, AFROCOLOMBIANAS, RAIZALES Y PALENQUERAS 2. SEGURIDAD HUMANA Y JUSTICIA SOCIAL / A. PREVENCIÓN Y PROTECCIÓN PARA POBLACIONES VULNERABLES DESDE UN ENFOQUE DIFERENCIAL, COLECTIVO E INDIVIDUAL | E8: 5000000000 | G8: N/A | H8: 2026-3-002201-000616 Id: 684005 | I8: 46029 | J8: 2026-3-001102-001169 Id: 684772 | K8: 46030
B9: C-3702-1000-19-20106A | C9: 202500000021707 | D9: IMPLEMENTACIÓN DE ESTRATEGIAS PARA DAR CUMPLIMIENTO Y CONTINUIDAD A LOS ACUERDOS DERIVADOS DE LOS DIÁLOGOS SOCIALES REALIZADOS CON LAS COMUNIDADES NEGRAS Y AFROCOLOMBIANA COMO APORTE A LA CONSTRUCCIÓN DE LA PAZ TOTAL EN LOS DEPARTAMENTOS DE CAUCA, CHOCÓ, NARIÑO, VALLE DEL CAUCA 2. SEGURIDAD HUMANA Y JUSTICIA SOCIAL / A. PREVENCIÓN Y PROTECCIÓN PARA POBLACIONES VULNERABLES DESDE UN ENFOQUE DIFERENCIAL, COLECTIVO E INDIVIDUAL | E9: 400000000 | G9: N/A | H9: 2026-3-002201-000623 Id: 684019 | I9: 46029 | J9: 2026-3-001102-001083 Id: 684638 | K9: 46030
B10: C-3701-1000-49-400600045 | C10: 202400000000154 | D10: FORTALECIMIENTO DE LOS MECANISMOS PARA LA PROTECCIÓN Y GARANTÍA DE LOS DERECHOS DE LAS COMUNIDADES NEGRAS, AFROCOLOMBIANAS, RAIZALES Y PALENQUERAS, ASÍ COMO EL FOMENTO DEL DESARROLLO ECONÓMICO Y SOCIAL EN EL MARCO DE LA IMPLEMENTACIÓN DE LA LEY 70 2. SEGURIDAD HUMANA Y JUSTICIA SOCIAL / A. PREVENCIÓN Y PROTECCIÓN PARA POBLACIONES VULNERABLES DESDE UN ENFOQUE DIFERENCIAL, COLECTIVO E INDIVIDUAL | E10: 1000000000 | G10: N/A | H10: 2026-3-002201-000620 Id: 684016 | I10: 46029 | J10: 2026-3-001102-002612 Id: 686820 | K10: 46035
B11: C-3701-1000-43-40070203 | C11: 202400000000139 | D11: IMPLEMENTACIÓN DE ESTRATEGIAS PARA EL FORTALECIMIENTO DE LA CULTURA DE PAZ ESTABLE Y DURADERA EN LOS TERRITORIOS DE LOS PUEBLOS Y COMUNIDADES NEGRAS A NIVEL NACIONAL. 6. PAZ TOTAL E INTEGRAL / 4. LA CULTURA DE PAZ EN LA COTIDIANIDAD DE LAS POBLACIONES Y TERRITORIOS | E11: 600000000 | G11: N/A | H11: 2026-3-002201-000619 Id: 684012 2026-3-002201-001213 Id: 684819 (alcance ajuste) | I11: 07/01/2026 08/01/2026 | J11: 2026-3-001102-001289 Id: 684920 | K11: 46031
B12: INVERSIÓN | E12: =SUM(E8:E11) -> 7000000000
B13: TOTAL | E13: =+E7+E12 -> 47548530200
A14: DIRECCIÓN DE ASUNTOS INDIGENAS, ROM Y MINORÍAS | B14: A-03-03-02-014 | D14: PUEBLO NUKAK MAKU (ARTÍCULO 35 DECRETO 1953 DE 2014) | E14: 7450000000
B15: A-03-06-01-013 | D15: FORTALECIMIENTO A LOS PROCESOS ORGANIZATIVOS Y DE CONCERTACIÓN DE LAS COMUNIDADES INDÍGENAS, MINORÍAS Y ROM | E15: 80033000000 | F15: 13000000000 | H15: 2026-3-002105-000813 Id: 684256 | I15: 46029 | J15: 2026-3-001102-002342 Id: 686331 | K15: 46035
B16: A-03-06-01-014 | D16: FORTALECIMIENTO INSTITUCIONAL DE LA MESA PERMANENTE DE CONCERTACIÓN CON LOS PUEBLOS Y ORGANIZACIONES INDÍGENAS - DECRETO 1397 DE 1996 | E16: 9716000000
B17: A-03-04-01-012 | D17: ATENCIÓN INTEGRAL A LA POBLACIÓN DESPLAZADA EN CUMPLIMIENTO DE LA SENTENCIA T-025 DE 2004 (NO DE PENSIONES) | E17: 13028150700
B18: TRANSFERENCIAS | E18: =SUM(E14:E17) -> 110227150700 | F18: =SUM(F14:F17) -> 13000000000
B19: C-3701-1000-32-705050 | C19: 202300000000007 | D19: FORTALECIMIENTO DE LOS PROCESOS DE GOBIERNO PROPIO DE LAS COMUNIDADES INDÍGENAS EN EL DEPARTAMENTO DEL CAUCA 7. ACTORES DIFERENCIALES PARA EL CAMBIO / 5. CONVERGENCIA REGIONAL PARA EL BIENESTAR Y BUEN VIVIR | E19: 40005000000 | H19: 2026-3-002102-002661 Id: 686878 | I19: 46035 | J19: 2026-3-001102-003013 Id: 687496 | K19: 46036
B20: C-3701-1000-35-705050 | C20: 202300000000266 | D20: FORTALECIMIENTO DE LOS SISTEMAS DE GOBIERNO PROPIO Y EN LOS PROCESOS ORGANIZATIVOS DE LOS PUEBLOS Y COMUNIDADES INDÍGENAS A NIVEL NACIONAL 7. ACTORES DIFERENCIALES PARA EL CAMBIO / 5. CONVERGENCIA REGIONAL PARA EL BIENESTAR Y BUEN VIVIR | E20: 10000000000 | G20: N/A | H20: 2026-3-002102-002659 Id: 686875 | I20: 46035 | J20: 2026-3-001102-002909 Id: 687187 | K20: 46036
B21: C-3701-1000-36-705050 | C21: 202300000000261 | D21: IMPLEMENTACIÓN DE ACCIONES POR PARTE DEL MINISTERIO DEL INTERIOR PARA FORTALECER LA ESTRUCTURA ORGANIZATIVA DE LAS KUMPAÑY RROM A NIVEL NACIONAL 7. ACTORES DIFERENCIALES PARA EL CAMBIO / 5. CONVERGENCIA REGIONAL PARA EL BIENESTAR Y BUEN VIVIR | E21: 400000000 | H21: 2026-3-002102-003005 Id: 687460 | I21: 46036 | J21: 2026-3-001102-003014 Id: 687501 | K21: 46036
B22: C-3701-1000-37-705050 | C22: 202300000000162 | D22: FORTALECIMIENTO DE LOS SISTEMAS DE GOBIERNO PROPIO DE LOS PUEBLOS Y COMUNIDADES INDÍGENAS DE LOS PASTOS Y QUILLACINGAS DEL DEPARTAMENTO DE NARIÑO 7. ACTORES DIFERENCIALES PARA EL CAMBIO / 5. CONVERGENCIA REGIONAL PARA EL BIENESTAR Y BUEN VIVIR | E22: 10000000000 | H22: 2026-3-002102-002653 Id: 686869 | I22: 46035 | J22: 2026-3-001102-002790 Id: 687060 | K22: 46035
B23: C-3701-1000-44-701020 | C23: 202400000000142 | D23: FORTALECIMIENTO DE LA PARTICIPACIÓN DE LAS MUJERES INDÍGENAS EN ESPACIOS DE DIÁLOGO A NIVEL NACIONAL 7. ACTORES DIFERENCIALES PARA EL CAMBIO / 2. MUJERES EN EL CENTRO DE LA POLÍTICA DE LA VIDA Y LA PAZ | E23: 300000000 | G23: N/A | H23: 2026-3-002102-003581 Id: 688519 | I23: 46037 | J23: 2026-3-001102-004056 Id: 689428 | K23: 46038
B24: C-3701-1000-47-40070505 | C24: 202400000000141 | D24: FORTALECIMIENTO DE LOS MECANISMOS DE PROTECCIÓN DE LA GUARDIA INDÍGENA EN EL TERRITORIO NACIONAL 6. PAZ TOTAL E INTEGRAL / 4. LA CULTURA DE PAZ EN LA COTIDIANIDAD DE LAS POBLACIONES Y TERRITORIOS | E24: 200000000
B25: INVERSIÓN | E25: =SUM(E19:E24) -> 60905000000
B26: TOTAL | E26: =+E18+E25 -> 171132150700
A27: DIRECCIÓN DE DERECHOS HUMANOS | B27: A-03-03-01-009 | D27: PROGRAMA DE PROTECCIÓN A PERSONAS QUE SE ENCUENTRAN EN SITUACIÓN DE RIESGO CONTRA SU VIDA, INTEGRIDAD, SEGURIDAD O LIBERTAD, POR CAUSAS RELACIONADAS CON LA VIOLENCIA EN COLOMBIA | E27: 8554000000 | H27: 2025-3-002300-038821 Id: 682723 | I27: 46022 | J27: 2026-3-001102-000327 Id: 683464 | K27: 45662
B28: A-03-04-01-012 | D28: ATENCIÓN INTEGRAL A LA POBLACIÓN DESPLAZADA EN CUMPLIMIENTO DE LA SENTENCIA T-025 DE 2004 (NO DE PENSIONES) | E28: 1.3993199e+10 | H28: 2026-3-002300-001027 Id: 684513 | I28: 46030 | J28: 2026-3-001102-001081 Id: 684633 | K28: 46030
B29: TRANSFERENCIAS | E29: =SUM(E27:E28) -> 22547198900
B30: C-3701-1000-30-20106A | C30: 2021011000083 | D30: FORTALECIMIENTO DE LA POLITICA PUBLICA DE PREVENCION DE VIOLACIONES A LOS DERECHOS A LA VIDA, INTEGRIDAD, LIBERTAD Y SEGURIDAD DE PERSONAS, GRUPOS Y COMUNIDADES EN COLOMBIA. NACIONAL 2. SEGURIDAD HUMANA Y JUSTICIA SOCIAL / A. PREVENCIÓN Y PROTECCIÓN PARA POBLACIONES VULNERABLES DESDE UN ENFOQUE DIFERENCIAL, COLECTIVO E INDIVIDUAL - [PREVIO CONCEPTO DNP] | E30: 16146000000 | G30: N/A | H30: 2025-3-002300-038820 Id: 682721 | I30: 46022 | J30: 2026-3-001102-001298 Id: 684929 | K30: 46031
B31: C-3701-1000-39-702030 | C31: 202300000000180 | D31: FORTALECIMIENTO DE LAS GARANTÍAS PARA EL EJERCICIO DEL LIDERAZGO SOCIAL Y DEFENSA DE LOS DERECHOS HUMANOS EN EL TERRITORIO NACIONAL 7. ACTORES DIFERENCIALES PARA EL CAMBIO / 3. FORTALECIMIENTO DE LA INSTITUCIONALIDAD - [PREVIO CONCEPTO DNP] | E31: 500000000 | G31: N/A | H31: 2025-3-002300-038817 Id: 682715 | I31: 46022 | J31: 2026-3-001102-000377 Id: 683535 | K31: 46027
B32: C-3701-1000-42-20113A | C32: 202300000000005 | D32: FORTALECIMIENTO DE LA GESTIÓN DE LOS CEMENTERIOS COMO RESTITUCIÓN DE DERECHOS DE VÍCTIMAS DE DESAPARICIÓN NACIONAL 2. SEGURIDAD HUMANA Y JUSTICIA SOCIAL / A. FORTALECIMIENTO DE LA BÚSQUEDA DE PERSONAS DADAS POR DESAPARECIDAS | E32: 3000350914 | G32: N/A | H32: 2025-3-002300-038819 Id: 682718 | I32: 46022 | J32: 2026-3-001102-000378 Id: 683536 | K32: 46027
B33: C-3701-1000-50-53106B | C33: 202500000017325 | D33: FORTALECIMIENTO TERRITORIAL PARA LA GARANTÍA, PROMOCIÓN Y GOCE DE LOS DERECHOS HUMANOS. NACIONAL 5. CONVERGENCIA REGIONAL / B. EFECTIVIDAD DE LOS DISPOSITIVOS DE PARTICIPACIÓN CIUDADANA, POLÍTICA Y ELECTORAL | E33: 1000000000 | G33: N/A | H33: 2025-3-002300-038818 Id: 682717 | I33: 46022 | J33: 2026-3-001102-000376 Id: 683534 | K33: 46027
B34: INVERSIÓN | E34: =SUM(E30:E33) -> 20646350914
B35: TOTAL | E35: =E34+E29 -> 43193549814
A36: GRUPO INTERNO DE TRABAJO DE ENFOQUE DE GENERO Y DIVERSIDAD | B36: C-3702-1000-14-701020 | C36: 202300000000145 | D36: MEJORAMIENTO DE LAS CAPACIDADES DE LAS ENTIDADES TERRITORIALES PARA TRANSVERSALIZAR EL ENFOQUE DE GÉNERO EN LA GESTIÓN DE LA CONVIVENCIA Y LA SEGURIDAD HUMANA NACIONAL 7. ACTORES DIFERENCIALES PARA EL CAMBIO / 2. MUJERES EN EL CENTRO DE LA POLÍTICA DE LA VIDA Y LA PAZ | E36: 1500000000 | G36: N/A | H36: 2026-3-001000-000396 Id: 683569 | I36: 46028 | J36: 2026-3-001102-000592 Id: 683911 | K36: 46029
D37: TOTAL INVERSIÓN | E37: =SUM(E36) -> 1500000000
D38: TOTAL DEPENDENCIA | E38: =+E37 -> 1500000000
A39: DIRECCIÓN DE LA AUTORIDAD NACIONAL DE CONSULTA PREVIA | B39: A-01-01-02 | D39: CONTRIBUCIONES INHERENTES A LA NÓMINA | E39: 2704000000 | H39: NA
B40: A-01-01-01 | D40: SALARIO | E40: 7429000000 | H40: NA
B41: A-01-01-03 | D41: REMUNERACIONES NO CONSTITUTIVAS DE FACTOR SALARIAL | E41: 890000000 | H41: NA
D42: TOTAL GASTOS DE PERSONAL DANCP | E42: =+E41+E40+E39 -> 11023000000
B43: A-02 | D43: ADQUISICION DE IBIENES Y SERVICIOS | E43: 4265056447 | F43: 158601310 | H43: NA
F44: 297773238
F45: 1328286978
F46: 707493899
D47: ADQUISICIÓN DE BIENES Y SERVICIOS | E47: =+E43 -> 4265056447 | F47: =SUM(F43:F46) -> 2492155425
B48: A-03-03-01-034 | D48: FORTALECIMIENTO A LA CONSULTA PREVIA. CONVENIO 169 OIT, LEY 21 DE 1991, LEY 70 DE 1993 | E48: 71777000000 | H48: 2026-3-002400-000005 Id: 682950 | I48: 46023 | J48: 2026-3-001102-000296 Id: 683400 | K48: 46027
D49: TRANSFERENCIAS | E49: =+E48 -> 71777000000
B50: A-08-04-01 | D50: CUOTA DE FISCALIZACIÓN Y AUDITAJE | E50: 98000000
D51: GASTOS POR TRIBUTOS Y FISCALIZACIÓN | E51: =+E50 -> 98000000
B52: C-3799-1000-1-53106A | C52: 202300000000163 | D52: FORTALECIMIENTO DE LAS CAPACIDADES Y HABILIDADES CON QUE CUENTAN LOS GRUPOS ÉTNICOS, EJECUTORES E INSTITUCIONALIDAD INTERVINIENTE PARA LA PARTICIPACIÓN EN LOS PROCESOS DE CONSULTA PREVIA NACIONAL 5. CONVERGENCIA REGIONAL / A. CONDICIONES Y CAPACIDADES INSTITUCIONALES, ORGANIZATIVAS E INDIVIDUALES PARA LA PARTICIPACIÓN CIUDADANA | E52: 2000000000 | G52: N/A | H52: 2025-3-002400-037854 Id: 678566 | I52: 46011 | J52: 2026-3-001102-000382 Id: 683545 | K52: 46028
D53: INVERSIÓN | E53: =+E52 -> 2000000000
B54: TOTAL | E54: =+E53+E51+E49+E47+E42 -> 89163056447
A55: DIRECCIÓN DE ASUNTOS RELIGIOSOS | B55: A-03-11-08-001 | D55: FORTALECIMIENTO ORGANIZACIONAL DE LAS ENTIDADES RELIGIOSAS Y LAS ORGANIZACIONES BASADAS EN LA FE COMO ACTORES SOCIALES TRASCENDENTES EN EL MARCO DE LA LEY 133 DE 1994 | E55: 1884000000 | H55: 2026-3-002500-002420 Id: 686440 | I55: 46035 | J55: 2026-3-001102-002468 Id: 686528 | K55: 46035
D56: TRANSFERENCIAS | E56: =+E55 -> 1884000000
B57: C-3704-1000-8-53106A | C57: 202300000000331 | D57: FORTALECIMIENTO DE LA INTEGRACIÓN DE PROCESOS, LA COORDINACIÓN DE ENTIDADES, LA ASIGNACIÓN DE RECURSOS Y EL CONOCIMIENTO, PARA BRINDAR GARANTÍAS PARA EL GOCE EFECTIVO DEL DERECHO DE LA LIBERTAD RELIGIOSA Y DE CULTOS EN EL TERRITORIO NACIONAL 5. CONVERGENCIA REGIONAL / A. CONDICIONES Y CAPACIDADES INSTITUCIONALES, ORGANIZATIVAS E INDIVIDUALES PARA LA PARTICIPACIÓN CIUDADANA | E57: 1500000000 | G57: N/A | H57: 2026-3-002500-002418 Id: 686437 | I57: 46035 | J57: 2026-3-001102-002595 Id: 686789 | K57: 46035
D58: INVERSIÓN | E58: =SUM(E57) -> 1500000000
B59: TOTAL | E59: =+E56+E58 -> 3384000000
A60: DIRECCIÓN DE SEGURIDAD, CONVIVENCIA CIUDADANA Y GOBIERNO | B60: A-03-03-04-062 | D60: APOYO COMITÉ INTERINSTITUCIONAL DE ALERTAS TEMPRANAS CIAT SENTENCIA T-025 DE 2004. | E60: 8822518000 | H60: 2025-3-003100-038786 Id: 682626 | I60: 46022 | J60: 2026-3-001102-000430 Id: 683610 | K60: 46028
D61: TRANSFERENCIAS | E61: =+E60 -> 8822518000
B62: C-3702-1000-16-20105A/20105B | C62: 202300000000115 | D62: FORTALECIMIENTO DE LA CAPACIDAD DE ARTICULACIÓN TERRITORIAL PARA LA INCORPORACIÓN DE ESTRATEGIAS DE CONVIVENCIA Y SEGURIDAD CIUDADANA INTEGRAL, CORRESPONSABLE, CONTEXTUALIZADA Y PREVENTIVA A NIVEL NACIONAL 2. SEGURIDAD HUMANA Y JUSTICIA SOCIAL / A. NUEVO MODELO NACIÓN-TERRITORIO PARA LA CONVIVENCIA Y LA SEGURIDAD CIUDADANA 2. SEGURIDAD HUMANA Y JUSTICIA SOCIAL / B. CREACIÓN DEL SISTEMA NACIONAL DE CONVIVENCIA PARA LA VIDA | E62: 14000000000 | F62: 5000000000 | G62: N/A | H62: 2025-3-001100-037973 Id: 679270 | I62: 46378 | J62: 2026-3-001102-000718 Id: 684151 | K62: 46029
D63: INVERSIÓN | E63: =+E62 -> 14000000000 | F63: =SUM(F62) -> 5000000000
B64: TOTAL | E64: =+E63+E61 -> 22822518000
A65: SUBDIRECCIÓN DE GOBIERNO, GESTIÓN TERRITORIAL Y LUCHA CONTRA LA TRATA | B65: A-03-03-01-033 | D65: FONDO NACIONAL PARA LA LUCHA CONTRA LA TRATA DE PERSONAS. LEY 985 DE 2005 Y DECRETO 4319 DE 2006 | E65: 7607000000 | H65: 2026-3-003111-000441 Id: 683621 | I65: 46028 | J65: 2026-3-001102-000474 Id: 683671 | K65: 46028
B66: A-03-03-01-035 | D66: FORTALECIMIENTO A LA GESTIÓN TERRITORIAL Y BUEN GOBIERNO LOCAL | E66: 15474000000 | H66: 2026-3-003111-001077 Id: 684617 | I66: 46030 | J66: 2026-3-001102-001166 Id: 684769 | K66: 46030 | L66: 2026-3-003111-001233 Id: 684849 | M66: 46030 | N66: 2026-3-001102-001314 Id: 684951 | O66: 46031 | P66: 2026-3-003111-002090 Id: 686012 | Q66: 46034 | R66: 2026-3-001102-002234 Id: 686168 | S66: 46035
B67: A-03-03-01-039 | D67: IMPLEMENTACIÓN LEY 985 DE 2005 SOBRE TRATA DE PERSONAS | E67: 2926000000 | H67: 2026-3-003111-001076 Id: 684614 | I67: 46030 | J67: 2026-3-001102-001164 Id: 684767 | K67: 46030 | L67: 2026-3-003111-002091 Id: 686014 | M67: 46034 | N67: 2026-3-001102-002232 Id: 686166 | O67: 46035
D68: TRANSFERENCIAS | E68: =SUM(E65:E67) -> 26007000000
B69: C-3702-1000-17-701040 | C69: 202300000000093 | D69: FORTALECIMIENTO EN LA PREVENCIÓN, PROTECCIÓN Y ASISTENCIA EN LA LUCHA CONTRA EL DELITO DE TRATA PERSONAS NACIONAL 7. ACTORES DIFERENCIALES PARA EL CAMBIO / 4. POR UNA VIDA LIBRE DE VIOLENCIAS CONTRA LAS MUJERES | E69: 1000000000 | G69: NA | H69: 2026-3-003111-000503 Id: 683717 | I69: 46028 | J69: 2026-3-001102-000602 Id: 683937 | K69: 46029
B70: C-3702-1000-18-10204A C-3702-1000-18-53105B | C70: 202300000000167 | D70: FORTALECIMIENTO DE LA ARTICULACIÓN, COORDINACIÓN Y PARTICIPACIÓN DE LAS ENTIDADES TERRITORIALES, CORPORACIONES PÚBLICAS Y LÍDERES LOCALES EN LOS PROCESOS DE ORDENAMIENTO TERRITORIAL ALREDEDOR DEL AGUA Y DESCENTRALIZACIÓN. NACIONAL 1. ORDENAMIENTO DEL TERRITORIO ALREDEDOR DEL AGUA Y JUSTICIA AMBIENTAL / A. EMPODERAMIENTO DE LOS GOBIERNOS LOCALES Y SUS COMUNIDADES 5. CONVERGENCIA REGIONAL / B. ENTIDADES PÚBLICAS TERRITORIALES Y NACIONALES FORTALECIDAS | E70: 4000000000 | G70: NA | H70: 2025-3-003111-038612 Id: 681767 | I70: 46021 | J70: 2026-3-001102-000304 Id: 683423 | K70: 46058
D71: INVERSIÓN | E71: =+E70+E69 -> 5000000000
B72: TOTAL | E72: =+E71+E68 -> 31007000000
A73: SUBDIRECCIÓN DE PROYECTOS PARA LA SEGURIDAD Y CONVIVENCIA CIUDADANA | B73: A-03-03-01-032 | D73: FONDO NACIONAL DE SEGURIDAD Y CONVIVENCIA CIUDADANA - FONSECON | E73: 627264000000 | F73: 251639051196 | H73: 2025-3-003122-038906 Id: 682936 | I73: 46022 | J73: 2026-3-001102-000040 Id: 683016 | K73: 46024
F74: 215784915781
F75: 67759557807
D76: TRANSFERENCIAS | E76: =+E73 -> 627264000000 | F76: =SUM(F73:F75) -> 535183524784
B77: C-3702-1000-8-20105A | C77: 2018011000331 | D77: FORTALECIMIENTO DE LOS SISTEMAS INTEGRADOS DE EMERGENCIA Y SEGURIDAD SIES A NIVEL NACIONAL 2. SEGURIDAD HUMANA Y JUSTICIA SOCIAL / A. NUEVO MODELO NACIÓN-TERRITORIO PARA LA CONVIVENCIA Y LA SEGURIDAD CIUDADANA | E77: 60000000000 | F77: 48500000000 | G77: N/A | H77: 2025-3-003122-038908 Id: 682938 | I77: 46022 | J77: 2026-3-001102-000339 Id: 683478 | K77: 46027
B78: C-3702-1000-13-20105A | C78: 2022011000002 | D78: FORTALECIMIENTO A LAS ENTIDADES TERRITORIALES A TRAVES DE LA FINANCIACION DE INFRAESTRUCTURA PARA LA SEGURIDAD Y CONVIVENCIA CIUDADANA A NIVEL NACIONAL 2. SEGURIDAD HUMANA Y JUSTICIA SOCIAL / A. NUEVO MODELO NACIÓN-TERRITORIO PARA LA CONVIVENCIA Y LA SEGURIDAD CIUDADANA | E78: 81291000000 | G78: N/A | H78: 2025-3-003122-038909 Id: 682939 | I78: 46022 | J78: 2026-3-001102-000379 Id: 683537 | K78: 46027
D79: INVERSIÓN | E79: =+E77+E78 -> 141291000000 | F79: =SUM(F77:F78) -> 48500000000
B80: TOTAL | E80: =+E79+E76 -> 768555000000
A81: DIRECCIÓN DE ASUNTOS LEGISLATIVOS | B81: C-3799-1000-18-53105B | C81: 202300000000067 | D81: FORTALECIMIENTO DE LAS RELACIONES ENTRE EL GOBIERNO NACIONAL Y EL CONGRESO DE LA REPÚBLICA EN LOS PROCESOS TÉCNICOS Y ADMINISTRATIVOS A NIVEL NACIONAL 5. CONVERGENCIA REGIONAL / B. ENTIDADES PÚBLICAS TERRITORIALES Y NACIONALES FORTALECIDAS | E81: 3000000000 | G81: N/A | H81: 2026-3-003200-000001 Id: 682944 | I81: 46023 | J81: 2026-3-001102-000846 Id: 684290 | K81: 46029
D82: INVERSIÓN | E82: =+E81 -> 3000000000
B83: TOTAL | E83: =+E82 -> 3000000000
A84: DIRECCIÓN PARA LA DEMOCRACIA, LA PARTICIPACIÓN CIUDADANA Y LA ACCIÓN COMUNAL | B84: A-03-03-01-065 | D84: APOYO A LAS DISPOSICIONES PARA GARANTIZAR EL PLENO EJERCICIO DE LOS DERECHOS DE LAS PERSONAS CON DISCAPACIDAD. LEY 1618 DE 2013 | E84: 2702000000 | F84: 530000000 | H84: 2025-3-003300-038504 Id: 681456 | I84: 45655 | J84: 2026-3-001102-002435 Id: 686464 | K84: 46035
B85: A-03-03-04-035 | D85: FONDO PARA LA PARTICIPACIÓN CIUDADANA Y EL FORTALECIMIENTO DE LA DEMOCRACIA. ARTICULO 96 LEY 1757 DE 2015 | E85: 76438000000 | F85: 3670000000 | H85: 2025-3-003300-038505 Id: 681457 | I85: 45655 | J85: 2026-3-001102-002434 Id: 686463 | K85: 46035
B86: A-03-06-01-001 | D86: FORTALECIMIENTO DE LAS ASOCIACIONES Y LIGAS DE CONSUMIDORES (LEY 73 DE 1981 Y DECRETO 1320 DE 1982) | E86: 1150000000 | H86: 2025-3-003300-038502 Id: 681453 | I86: 45655 | J86: 2026-3-001102-002422 Id: 686445 | K86: 46035
D87: TRANSFERENCIAS | E87: =SUM(E84:E86) -> 80290000000 | F87: =SUM(F84:F86) -> 4200000000
B88: C-3704-1000-6-53106A | C88: 2022011000039 | D88: FORTALECIMIENTO DE LAS CAPACIDADES DE LOS ORGANISMOS DE ACCION COMUNAL PARA EL DESARROLLO DE SUS PROPOSITOS Y ATENCION DE SUS NECESIDADES EN EL MARCO DE LA LEY 2166 DE 2021 A PARTIR DEL EJERCICIO DE LA DEMOCRACIA PARTICIPATIVA NACIONAL 5. CONVERGENCIA REGIONAL / A. CONDICIONES Y CAPACIDADES INSTITUCIONALES, ORGANIZATIVAS E INDIVIDUALES PARA LA PARTICIPACIÓN CIUDADANA | E88: 15000000000 | H88: 2026-3-003300-002552 Id: 686733 | I88: 46035 | J88: 2026-3-001102-002611 Id: 686819 | K88: 46035
B89: C-3704-1000-7-53106A | C89: 202300000000155 | D89: MEJORAMIENTO DE LA PARTICIPACIÓN DEL CAMPESINADO EN LA FORMULACIÓN DE POLÍTICAS, PROGRAMAS Y PROYECTOS EN EL TERRITORIO NACIONAL 5. CONVERGENCIA REGIONAL / A. CONDICIONES Y CAPACIDADES INSTITUCIONALES, ORGANIZATIVAS E INDIVIDUALES PARA LA PARTICIPACIÓN CIUDADANA | E89: 400000000 | G89: N/A | H89: 2026-3-003300-000331 Id: 683468 | I89: 46027 | J89: 2026-3-001102-002463 Id: 686517 | K89: 46035
D90: INVERSIÓN | E90: =+E89+E88 -> 15400000000
B91: TOTAL | E91: =+E90+E87 -> 95690000000
A92: OFICINA DE INFORMACIÓN PUBLICA DEL INTERIOR | B92: A-02 | D92: ADQUISICIÓN DE BIENES Y SERVICIOS | E92: 2.406974e+09 | F92: 2014000000 | H92: NA
F93: 79987766
F94: 10231776
D95: ADQUISICIÓN DE BIENES Y SERVICIOS | E95: =SUM(E92) -> 2.406974e+09 | F95: =SUM(F92:F94) -> 2104219542
B96: C-3799-1000-15-53105B C-3799-1000-15-53105D | C96: 202300000000228 | D96: FORTALECIMIENTO DE LA ESTRATEGIA DE RELACIONAMIENTO CON EL CIUDADANO AMPLIANDO LA COBERTURA DEL PORTAFOLIO DE SERVICIOS DEL MINISTERIO DEL INTERIOR EN EL TERRITORIO NACIONAL 5. CONVERGENCIA REGIONAL / B. ENTIDADES PÚBLICAS TERRITORIALES Y NACIONALES FORTALECIDAS 5. CONVERGENCIA REGIONAL / D. GOBIERNO DIGITAL PARA LA GENTE | E96: 400000000 | F96: 0 | G96: N/A | H96: 2026-3-001303-002625 Id: 686835 | I96: 46035 | J96: 2026-3-001102-002645 Id: 686861 | K96: 46035
B97: C-3799-1000-17-20104A C-3799-1000-17-20104B C-3799-1000-17-20108B C-3799-1000-17-53105D | C97: 202300000000087 | D97: FORTALECIMIENTO DE LAS SOLUCIONES DE TECNOLOGIAS DE LA INFORMACIÓN QUE PERMITAN SOPORTAR LOS PLANES, PROGRAMAS Y PROYECTOS DEL MINISTERIO DEL INTERIOR DENTRO DE LA ENTIDAD Y DE CARA AL CIUDADANO A NIVEL NACIONAL | E97: 1864000000 | F97: 0 | G97: N/A | H97: 2025-3-001300-038838 Id: 682771 | I97: 46022 | J97: 2026-3-001102-000574 Id: 683815 | K97: 46028
B98: C-3799-1000-20-53105B | C98: 202300000000280 | D98: FORTALECIMIENTO DE LA ESTRATEGIA DE COMUNICACIONES INTERNA Y EXTERNA DEL MINISTERIO DEL INTERIOR NACIONAL 5. CONVERGENCIA REGIONAL / B. ENTIDADES PÚBLICAS TERRITORIALES Y NACIONALES FORTALECIDAS | E98: 500000000 | F98: 0 | G98: N/A | H98: 2025-3-001300-038841 Id: 682778 | I98: 46022 | J98: 2026-3-001102-000576 Id: 683817 | K98: 46028
D99: INVERSIÓN | E99: =SUM(E96:E98) -> 2764000000
B100: TOTAL | E100: =+E99+E95 -> 5.170974e+09
A101: OFICINA ASESORA DE PLANEACIÓN | B101: C-3799-1000-16-53105B | C101: 202300000000032 | D101: FORTALECIMIENTO DEL SISTEMA INTEGRADO DE GESTIÓN DEL MINISTERIO DEL INTERIOR EN EL TERRITORIO NACIONAL 5. CONVERGENCIA REGIONAL / B. ENTIDADES PÚBLICAS TERRITORIALES Y NACIONALES FORTALECIDAS | E101: 2000000000 | G101: N/A | H101: 2026 3 001102 000549 Id: 683782 | I101: 46028 | J101: 2026-3-001102-000585 Id: 683828 | K101: 46028
...

Sheet CONSOLIDADO 
A3: EJECUCIÓN PRESUPUESTAL
A4: 46265
A6: CONSOLIDADO MINISTERIO DEL INTERIOR
A7: Cifras en millones de pesos
A8: DESCRIPCIÓN | B8: APROPIACIÓN INICIAL | C8: APROPIACIÓN VIGENTE | D8: REDUCIDO | E8: BLOQUEO | F8: APROPIACIÓN VIGENTE DESPUES DE BLOQUEO | G8: CDP | H8: % CDP | I8: APROPIACIÓN DISPONIBLE | J8: COMPROMISO | K8: % COMPR. | L8: % META COMPROMISO | M8: OBLIGACIÓN | N8: % META OBLIGACIÓN | O8: % OBLI. | P8: PAGOS
A9: GASTOS DE PERSONAL | B9: 63061.072 | C9: 63061.072 | D9: #REF! | E9: 0 | F9: 63061.072 | G9: 62654.164 | H9: 0.99354739 | I9: 406.90842 | J9: 35332.815 | K9: 0.56029518 | L9: N/A | M9: 35276.597 | N9: N/A | O9: 0.55940369 | P9: #REF!
A10: ADQUISICIÓN DE BIENES Y SERVICIOS | B10: 14780.688 | C10: 25054.021 | D10: #REF! | E10: 0 | F10: 25054.021 | G10: 16324.63 | H10: 0.65157724 | I10: 8729.391 | J10: 14184.235 | K10: 0.56614607 | L10: N/A | M10: 9948.5109 | N10: N/A | O10: 0.39708241 | P10: #REF!
A11: TRANSFERENCIAS CORRIENTES | B11: 1034159.8 | C11: 1035714.8 | D11: #REF! | E11: 101718.79 | F11: 933996.04 | G11: 933826.52 | H11: 0.9998185 | I11: 169.52318 | J11: 794873.6 | K11: 0.85104601 | L11: 0.83 | M11: 176516.4 | N11: 0.43 | O11: 0.18899052 | P11: #REF!
A12: GASTOS POR TRIBUTOS, MULTAS, SANCIONES E INTERESES DE MORA | B12: 2962 | C12: 2962 | D12: #REF! | E12: 0 | F12: 2962 | G12: 0 | H12: 0 | I12: 2962 | J12: 0 | K12: 0 | L12: N/A | M12: 0 | N12: N/A | O12: 0 | P12: #REF!
A13: FUNCIONAMIENTO | B13: 1114963.6 | C13: 1126791.9 | D13: #REF! | E13: 101718.79 | F13: 1025073.1 | G13: 1012805.3 | H13: 0.98803225 | I13: 12267.823 | J13: 844390.66 | K13: 0.82373699 | L13: 0.83 | M13: 221741.5 | N13: 0.43 | O13: 0.21631774 | P13: #REF!
A14: INVERSION | B14: 314006.7 | C14: 314006.7 | D14: #REF! | E14: 66309.674 | F14: 247697.02 | G14: 247067.75 | H14: 0.99745951 | I14: 629.27068 | J14: 177357.52 | K14: 0.71602605 | L14: 0.83 | M14: 51112.833 | N14: 0.43 | O14: 0.20635223 | P14: #REF!
A15: INVERSIÓN | B15: 314006.7 | C15: 314006.7 | D15: #REF! | E15: 66309.674 | F15: 247697.02 | G15: 247067.75 | H15: 0.99745951 | I15: 629.27068 | J15: 177357.52 | K15: 0.71602605 | L15: 0.83 | M15: 51112.833 | N15: 0.43 | O15: 0.20635223 | P15: #REF!
A16: TOTAL PGN | B16: 1428970.3 | C16: 1440798.6 | D16: #REF! | E16: 168028.46 | F16: 1272770.2 | G16: 1259873.1 | H16: 0.98986691 | I16: 12897.093 | J16: 1021748.2 | K16: 0.80277509 | L16: 0.83 | M16: 272854.34 | N16: 0.43 | O16: 0.21437833 | P16: #REF!
A17: FUNCIONAMIENTO REGALÍAS | B17: 0 | C17: 0 | D17: 0 | E17: 0 | F17: 0 | G17: 0 | H17: 0 | I17: 0 | J17: 0 | K17: 0 | L17: N/A | M17: 0 | N17: N/A | O17: 0 | P17: 0
A18: TOTAL FUNCIONAMIENTO REGALÍAS | B18: 0 | C18: 0 | D18: 0 | E18: 0 | F18: 0 | G18: 0 | H18: 0 | I18: 0 | J18: 0 | K18: 0 | L18: N/A | M18: 0 | N18: N/A | O18: 0 | P18: 0
A19: TOTAL MINITERIOR | B19: 1428970.3 | C19: 1440798.6 | D19: #REF! | E19: 168028.46 | F19: 1272770.2 | G19: 1259873.1 | H19: 0.98986691 | I19: 12897.093 | J19: 1021748.2 | K19: 0.80277509 | L19: 0.83 | M19: 272854.34 | N19: 0.43 | O19: 0.21437833 | P19: #REF!
A20: Ejecución vigencia 2026. 31 agosto 2026
D34: #REF!

Sheet POR DIRECCIONES
A2: EJECUCIÓN PRESUPUESTAL
A4: 46265
A6: NOMBRE UEJ | B6: RUBRO | C6: ARTICULACIÓN PLAN NACIONAL DE DESARROLLO -PND | D6: NOMBRE PROGRAMA MISIONAL DE FUNCIONAMIENTO Y/O PROYECTO DE INVERSIÓN | E6: APROPIACIÓN INICIAL | F6: APROPIACIÓN VIGENTE | G6: BLOQUEO | H6: APROPIACIÓN DESPUÈS DE BLOQUEO | I6: CDP | J6: % CDP | K6: SALDO EN CDP | L6: APROPIACIÓN DISPONIBLE | M6: COMPROMISO | N6: % COMPROMISO | O6: OBLIGACIÓN | P6: % OBLIGACIÓN | Q6: PAGOS
A7: DIRECCIÓN DE ASUNTOS PARA COMUNIDADES NEGRAS, AFROCOLOMBIANAS, RAIZALES Y PALENQUERAS | B7: A-03-06-01-012 | C7: FORTALECIMIENTO A LOS PROCESOS ORGANIZATIVOS Y DE CONCERTACIÓN DE LAS COMUNIDADES NEGRAS, AFROCOLOMBIANAS, RAIZALES Y PALENQUERAS | D7: FORTALECIMIENTO A LOS PROCESOS ORGANIZATIVOS Y DE CONCERTACIÓN DE LAS COMUNIDADES NEGRAS, AFROCOLOMBIANAS, RAIZALES Y PALENQUERAS | E7: 29933 | F7: 29701 | G7: 12478.455 | H7: 17222.545 | I7: 17151.022 | J7: 0.99584712 | K7: 1066.2458 | L7: 71.523178 | M7: 16084.776 | N7: 0.93393723 | O7: 10865.094 | P7: 0.63086462 | Q7: #REF!
B8: A-03-04-01-012 | C8: ATENCIÓN INTEGRAL A LA POBLACIÓN DESPLAZADA EN CUMPLIMIENTO DE LA SENTENCIA T-025 DE 2004 (NO DE PENSIONES) | D8: ATENCIÓN INTEGRAL A LA POBLACIÓN DESPLAZADA EN CUMPLIMIENTO DE LA SENTENCIA T-025 DE 2004 (NO DE PENSIONES) | E8: 10615.53 | F8: 10615.53 | G8: 678.5 | H8: 9937.0302 | I8: 9937.0302 | J8: 1 | K8: 9842.5302 | L8: 0 | M8: 94.5 | N8: 0.0095098835 | O8: 54.9 | P8: 0.0055247895 | Q8: 54.9
B9: TRANSFERENCIAS | E9: 40548.53 | F9: 40316.53 | G9: 13156.955 | H9: 27159.575 | I9: 27088.052 | J9: 0.99736656 | K9: 10908.776 | L9: 71.523178 | M9: 16179.276 | N9: 0.59571168 | O9: 10919.994 | P9: 0.40206794 | Q9: #REF!
B10: C-3701-1000-43-600044 | C10: 6. PAZ TOTAL E INTEGRAL / 4. LA CULTURA DE PAZ EN LA COTIDIANIDAD DE LAS POBLACIONES Y TERRITORIOS | D10: IMPLEMENTACIÓN DE ESTRATEGIAS PARA EL FORTALECIMIENTO DE LA CULTURA DE PAZ ESTABLE Y DURADERA EN LOS TERRITORIOS DE LOS PUEBLOS Y COMUNIDADES NEGRAS A NIVEL NACIONAL. | E10: 600 | F10: 600 | G10: 600 | H10: 0 | I10: 0 | J10: 0 | K10: 0 | L10: 0 | M10: 0 | N10: 0 | O10: 0 | P10: 0 | Q10: #REF!
B11: C-3701-1000-48-20106A | C11: 2. SEGURIDAD HUMANA Y JUSTICIA SOCIAL / A. PREVENCIÓN Y PROTECCIÓN PARA POBLACIONES VULNERABLES DESDE UN ENFOQUE DIFERENCIAL, COLECTIVO E INDIVIDUAL | D11: FORTALECIMIENTO DE LOS GOBIERNOS PROPIOS, SISTEMAS ORGANIZATIVOS Y AUTOSOSTENIBILIDAD DE LAS COMUNIDADES NEGRAS, AFROCOLOMBIANAS, RAIZALES Y PALENQUERAS | E11: 5000 | F11: 5000 | G11: 5000 | H11: 0 | I11: 0 | J11: 0 | K11: 0 | L11: 0 | M11: 0 | N11: 0 | O11: 0 | P11: 0
B12: C-3701-1000-49-20106A | C12: 2. SEGURIDAD HUMANA Y JUSTICIA SOCIAL / A. PREVENCIÓN Y PROTECCIÓN PARA POBLACIONES VULNERABLES DESDE UN ENFOQUE DIFERENCIAL, COLECTIVO E INDIVIDUAL | D12: FORTALECIMIENTO DE LOS MECANISMOS PARA LA PROTECCIÓN Y GARANTÍA DE LOS DERECHOS DE LAS COMUNIDADES NEGRAS, AFROCOLOMBIANAS, RAIZALES Y PALENQUERAS, ASÍ COMO EL FOMENTO DEL DESARROLLO ECONÓMICO Y SOCIAL EN EL MARCO DE LA IMPLEMENTACIÓN DE LA LEY 70 | E12: 1000 | F12: 1000 | G12: 1000 | H12: 0 | I12: 0 | J12: 0 | K12: 0 | L12: 0 | M12: 0 | N12: 0 | O12: 0 | P12: 0
B13: C-3702-1000-19-20106A | C13: 2. SEGURIDAD HUMANA Y JUSTICIA SOCIAL / A. PREVENCIÓN Y PROTECCIÓN PARA POBLACIONES VULNERABLES DESDE UN ENFOQUE DIFERENCIAL, COLECTIVO E INDIVIDUAL | D13: IMPLEMENTACIÓN DE ESTRATEGIAS PARA DAR CUMPLIMIENTO Y CONTINUIDAD A LOS ACUERDOS DERIVADOS DE LOS DIÁLOGOS SOCIALES REALIZADOS CON LAS COMUNIDADES NEGRAS Y AFROCOLOMBIANA COMO APORTE A LA CONSTRUCCIÓN DE LA PAZ TOTAL EN LOS DEPARTAMENTOS DE CAUCA, CHOCÓ, NARIÑO, VALLE DEL CAUCA | E13: 400 | F13: 400 | G13: 400 | H13: 0 | I13: 0 | J13: 0 | K13: 0 | L13: 0 | M13: 0 | N13: 0 | O13: 0 | P13: 0
B14: INVERSIÓN | E14: 7000 | F14: 7000 | G14: 7000 | H14: 0 | I14: 0 | J14: 0 | K14: 0 | L14: 0 | M14: 0 | N14: 0 | O14: 0 | P14: 0 | Q14: #REF! | R14: 0
B15: SUBTOTAL PGN | E15: 47548.53 | F15: 47316.53 | G15: 20156.955 | H15: 27159.575 | I15: 27088.052 | J15: 0.99736656 | K15: 10908.776 | L15: 71.523178 | M15: 16179.276 | N15: 0.59571168 | O15: 10919.994 | P15: 0.40206794 | Q15: #REF!
B16: FUNCIONAMIENTO REGALÍAS | E16: 0 | F16: 0 | G16: 0 | H16: 0 | I16: 0 | J16: 0 | K16: 0 | L16: 0 | M16: 0 | N16: 0 | O16: 0 | P16: 0 | Q16: 0
B17: TOTAL | E17: 47548.53 | F17: 47316.53 | G17: 20156.955 | H17: 27159.575 | I17: 27088.052 | J17: 0.99736656 | K17: 10908.776 | L17: 71.523178 | M17: 16179.276 | N17: 0.59571168 | O17: 10919.994 | P17: 0.40206794 | Q17: #REF!
A18: Ejecución vigencia 2026. 31 agosto 2026
A19: NOMBRE UEJ | B19: RUBRO | C19: ARTICULACIÓN PLAN NACIONAL DE DESARROLLO -PND | D19: NOMBRE PROGRAMA MISIONAL DE FUNCIONAMIENTO Y/O PROYECTO DE INVERSIÓN | E19: APROPIACIÓN INICIAL | F19: APROPIACIÓN VIGENTE | G19: BLOQUEO | H19: APROPIACIÓN DESPUÈS DE BLOQUEO | I19: CDP | J19: % CDP | K19: SALDO EN CDP | L19: APROPIACIÓN DISPONIBLE | M19: COMPROMISO | N19: % COMPROMISO | O19: OBLIGACIÓN | P19: % OBLIGACIÓN | Q19: PAGOS
A20: DIRECCIÓN DE ASUNTOS INDIGENAS, ROM Y MINORÍAS | B20: A-03-03-02-014 | C20: FORTALECIMIENTO INSTITUCIONAL DE LA MESA PERMANENTE DE CONCERTACIÓN CON LOS PUEBLOS Y ORGANIZACIONES INDÍGENAS - DECRETO 1397 DE 1996 | D20: PUEBLO NUKAK MAKU (ARTÍCULO 35 DECRETO 1953 DE 2014) | E20: 7450 | F20: 7450 | G20: 7450 | H20: 0 | I20: 0 | J20: 0 | K20: 0 | L20: 0 | M20: 0 | N20: 0 | O20: 0 | P20: 0 | Q20: #REF!
B21: A-03-06-01-014 | C21: FORTALECIMIENTO INSTITUCIONAL DE LA MESA PERMANENTE DE CONCERTACIÓN CON LOS PUEBLOS Y ORGANIZACIONES INDÍGENAS - DECRETO 1397 DE 1996 | D21: FORTALECIMIENTO A LOS PROCESOS ORGANIZATIVOS Y DE CONCERTACIÓN DE LAS COMUNIDADES INDÍGENAS, MINORÍAS Y ROM | E21: 9716 | F21: 9716 | G21: 0 | H21: 9716 | I21: 9716 | J21: 1 | K21: 9716 | L21: 0 | M21: 0 | N21: 0 | O21: 0 | P21: 0 | Q21: #REF!
B22: A-03-06-01-013 | C22: FORTALECIMIENTO A LOS PROCESOS ORGANIZATIVOS Y DE CONCERTACIÓN DE LAS COMUNIDADES INDÍGENAS, MINORÍAS Y ROM | D22: FORTALECIMIENTO A LOS PROCESOS ORGANIZATIVOS Y DE CONCERTACIÓN DE LAS COMUNIDADES INDÍGENAS, MINORÍAS Y ROM | E22: 80033 | F22: 82801 | G22: 5352.5415 | H22: 77448.459 | I22: 77448.459 | J22: 1 | K22: 40126.095 | L22: 0 | M22: 37322.363 | N22: 0.48189937 | O22: 16104.771 | P22: 0.20794179 | Q22: #REF!
B23: A-03-04-01-012 | C23: ATENCIÓN INTEGRAL A LA POBLACIÓN DESPLAZADA EN CUMPLIMIENTO DE LA SENTENCIA T-025 DE 2004 (NO DE PENSIONES) | D23: ATENCIÓN INTEGRAL A LA POBLACIÓN DESPLAZADA EN CUMPLIMIENTO DE LA SENTENCIA T-025 DE 2004 (NO DE PENSIONES) | E23: 13028.151 | F23: 13028.151 | G23: 13028.151 | H23: 0 | I23: 0 | J23: 0 | K23: 0 | L23: 0 | M23: 0 | N23: 0 | O23: 0 | P23: 0 | Q23: 0
B24: TRANSFERENCIAS | E24: 110227.15 | F24: 112995.15 | G24: 25830.692 | H24: 87164.459 | I24: 87164.459 | J24: 1 | K24: 49842.095 | L24: 0 | M24: 37322.363 | N24: 0.42818328 | O24: 16104.771 | P24: 0.18476305 | Q24: #REF!
B25: C-3701-1000-32-705050 | C25: 7. ACTORES DIFERENCIALES PARA EL CAMBIO / 5. CONVERGENCIA REGIONAL PARA EL BIENESTAR Y BUEN VIVIR | D25: FORTALECIMIENTO DE LOS PROCESOS DE GOBIERNO PROPIO DE LAS COMUNIDADES INDÍGENAS EN EL DEPARTAMENTO DEL CAUCA | E25: 40005 | F25: 40005 | G25: 37005 | H25: 3000 | I25: 3000 | J25: 1 | K25: 3000 | L25: 0 | M25: 0 | N25: 0 | O25: 0 | P25: 0 | Q25: #REF!
B26: C-3701-1000-35-705050 | C26: 7. ACTORES DIFERENCIALES PARA EL CAMBIO / 5. CONVERGENCIA REGIONAL PARA EL BIENESTAR Y BUEN VIVIR | D26: FORTALECIMIENTO DE LOS SISTEMAS DE GOBIERNO PROPIO Y EN LOS PROCESOS ORGANIZATIVOS DE LOS PUEBLOS Y COMUNIDADES INDÍGENAS A NIVEL NACIONAL | E26: 10000 | F26: 10000 | G26: 0 | H26: 10000 | I26: 10000 | J26: 1 | K26: 10000 | L26: 0 | M26: 0 | N26: 0 | O26: 0 | P26: 0 | Q26: #REF!
B27: C-3701-1000-36-705050 | C27: 7. ACTORES DIFERENCIALES PARA EL CAMBIO / 5. CONVERGENCIA REGIONAL PARA EL BIENESTAR Y BUEN VIVIR | D27: IMPLEMENTACIÓN DE ACCIONES POR PARTE DEL MINISTERIO DEL INTERIOR PARA FORTALECER LA ESTRUCTURA ORGANIZATIVA DE LAS KUMPAÑY RROM A NIVEL NACIONAL | E27: 400 | F27: 400 | G27: 400 | H27: 0 | I27: 0 | J27: 0 | K27: 0 | L27: 0 | M27: 0 | N27: 0 | O27: 0 | P27: 0 | Q27: #REF!
B28: C-3701-1000-37-705050 | C28: 7. ACTORES DIFERENCIALES PARA EL CAMBIO / 5. CONVERGENCIA REGIONAL PARA EL BIENESTAR Y BUEN VIVIR | D28: FORTALECIMIENTO DE LOS SISTEMAS DE GOBIERNO PROPIO DE LOS PUEBLOS Y COMUNIDADES INDÍGENAS DE LOS PASTOS Y QUILLACINGAS DEL DEPARTAMENTO DE NARIÑO | E28: 10000 | F28: 10000 | G28: 0 | H28: 10000 | I28: 10000 | J28: 1 | K28: 10000 | L28: 0 | M28: 0 | N28: 0 | O28: 0 | P28: 0 | Q28: #REF!
B29: C-3701-1000-44-701020 | C29: 7. ACTORES DIFERENCIALES PARA EL CAMBIO / 2. MUJERES EN EL CENTRO DE LA POLÍTICA DE LA VIDA Y LA PAZ | D29: FORTALECIMIENTO DE LA PARTICIPACIÓN DE LAS MUJERES INDÍGENAS EN ESPACIOS DE DIÁLOGO A NIVEL NACIONAL | E29: 300 | F29: 300 | G29: 0 | H29: 300 | I29: 300 | J29: 1 | K29: 300 | L29: 0 | M29: 0 | N29: 0 | O29: 0 | P29: 0
B30: C-3701-1000-47-600044 | C30: 6. PAZ TOTAL E INTEGRAL / 4. LA CULTURA DE PAZ EN LA COTIDIANIDAD DE LAS POBLACIONES Y TERRITORIOS | D30: FORTALECIMIENTO DE LOS MECANISMOS DE PROTECCIÓN DE LA GUARDIA INDÍGENA EN EL TERRITORIO NACIONAL | E30: 200 | F30: 200 | G30: 0 | H30: 200 | I30: 200 | J30: 1 | K30: 200 | L30: 0 | M30: 0 | N30: 0 | O30: 0 | P30: 0
B31: INVERSIÓN | E31: 60905 | F31: 60905 | G31: 37405 | H31: 23500 | I31: 23500 | J31: 1 | K31: 23500 | L31: 0 | M31: 0 | N31: 0 | O31: 0 | P31: 0 | Q31: #REF!
B32: SUBTOTAL PGN | E32: 171132.15 | F32: 173900.15 | G32: 63235.692 | H32: 110664.46 | I32: 110664.46 | J32: 1 | K32: 73342.095 | L32: 0 | M32: 37322.363 | N32: 0.337257 | O32: 16104.771 | P32: 0.14552795 | Q32: #REF!
B33: FUNCIONAMIENTO REGALÍAS | E33: 0 | F33: 0 | G33: 0 | H33: 0 | I33: 0 | J33: 0 | K33: 0 | L33: 0 | M33: 0 | N33: 0 | O33: 0 | P33: 0 | Q33: 0
B34: TOTAL | E34: 171132.15 | F34: 173900.15 | G34: 63235.692 | H34: 110664.46 | I34: 110664.46 | J34: 1 | K34: 73342.095 | L34: 0 | M34: 37322.363 | N34: 0.337257 | O34: 16104.771 | P34: 0.14552795 | Q34: #REF!
A35: Ejecución vigencia 2026. 31 agosto 2026
A36: NOMBRE UEJ | B36: RUBRO | C36: ARTICULACIÓN PLAN NACIONAL DE DESARROLLO -PND | D36: NOMBRE PROGRAMA MISIONAL DE FUNCIONAMIENTO Y/O PROYECTO DE INVERSIÓN | E36: APROPIACIÓN INICIAL | F36: APROPIACIÓN VIGENTE | G36: BLOQUEO | H36: APROPIACIÓN DESPUÈS DE BLOQUEO | I36: CDP | J36: % CDP | K36: SALDO EN CDP | L36: APROPIACIÓN DISPONIBLE | M36: COMPROMISO | N36: % COMPROMISO | O36: OBLIGACIÓN | P36: % OBLIGACIÓN | Q36: PAGOS
A37: DIRECCIÓN DE DERECHOS HUMANOS | B37: A-03-03-01-009 | C37: PROGRAMA DE PROTECCIÓN A PERSONAS QUE SE ENCUENTRAN EN SITUACIÓN DE RIESGO CONTRA SU VIDA, INTEGRIDAD, SEGURIDAD O LIBERTAD, POR CAUSAS RELACIONADAS CON LA VIOLENCIA EN COLOMBIA | D37: PROGRAMA DE PROTECCIÓN A PERSONAS QUE SE ENCUENTRAN EN SITUACIÓN DE RIESGO CONTRA SU VIDA, INTEGRIDAD, SEGURIDAD O LIBERTAD, POR CAUSAS RELACIONADAS CON LA VIOLENCIA EN COLOMBIA | E37: 8554 | F37: 7822 | G37: 968.76203 | H37: 6853.238 | I37: 6853.238 | J37: 1 | K37: 2606.9022 | L37: 0 | M37: 4246.3357 | N37: 0.61961014 | O37: 2552.3922 | P37: 0.37243596 | Q37: #REF!
B38: A-03-04-01-012 | C38: ATENCIÓN INTEGRAL A LA POBLACIÓN DESPLAZADA EN CUMPLIMIENTO DE LA SENTENCIA T-025 DE 2004 (NO DE PENSIONES) | D38: ATENCIÓN INTEGRAL A LA POBLACIÓN DESPLAZADA EN CUMPLIMIENTO DE LA SENTENCIA T-025 DE 2004 (NO DE PENSIONES) | E38: 13993.199 | F38: 13993.199 | G38: 185.3816 | H38: 13807.817 | I38: 13807.817 | J38: 1 | K38: 7554.2653 | L38: 0 | M38: 6253.552 | N38: 0.45289938 | O38: 4614.689 | P38: 0.33420844 | Q38: 4614.689 | R38: 28986.339
B39: TRANSFERENCIAS | E39: 22547.199 | F39: 21815.199 | G39: 1154.1436 | H39: 20661.055 | I39: 20661.055 | J39: 1 | K39: 10161.168 | L39: 0 | M39: 10499.888 | N39: 0.50819707 | O39: 7167.0813 | P39: 0.32853614 | Q39: #REF!
B40: C-3701-1000-39-702030 | C40: 7. ACTORES DIFERENCIALES PARA EL CAMBIO / 3. FORTALECIMIENTO DE LA INSTITUCIONALIDAD - [PREVIO CONCEPTO DNP] | D40: FORTALECIMIENTO DE LAS GARANTÍAS PARA EL EJERCICIO DEL LIDERAZGO SOCIAL Y DEFENSA DE LOS DERECHOS HUMANOS EN EL TERRITORIO NACIONAL | E40: 500 | F40: 500 | G40: 0 | H40: 500 | I40: 500 | J40: 0 | K40: 190.7082 | L40: 0 | M40: 309.2918 | N40: 0.6185836 | O40: 211.60587 | P40: 0.42321175 | Q40: #REF!
B41: C-3701-1000-42-20113A | C41: 2. SEGURIDAD HUMANA Y JUSTICIA SOCIAL / A. FORTALECIMIENTO DE LA BÚSQUEDA DE PERSONAS DADAS POR DESAPARECIDAS | D41: FORTALECIMIENTO DE LA GESTIÓN DE LOS CEMENTERIOS COMO RESTITUCIÓN DE DERECHOS DE VÍCTIMAS DE DESAPARICIÓN NACIONAL | E41: 3000.3509 | F41: 3000.3509 | G41: 113.53524 | H41: 2886.8157 | I41: 2886.8157 | J41: 0 | K41: 1180.6876 | L41: 0 | M41: 1706.128 | N41: 0.59100692 | O41: 1207.6948 | P41: 0.41834843 | Q41: #REF!
B42: C-3701-1000-50-53106B | C42: 5. CONVERGENCIA REGIONAL / B. EFECTIVIDAD DE LOS DISPOSITIVOS DE PARTICIPACIÓN CIUDADANA, POLÍTICA Y ELECTORAL | D42: FORTALECIMIENTO TERRITORIAL PARA LA GARANTÍA, PROMOCIÓN Y GOCE DE LOS DERECHOS HUMANOS. NACIONAL | E42: 1000 | F42: 1000 | G42: 95.86944 | H42: 904.13056 | I42: 904.13056 | J42: 0 | K42: 285.54696 | L42: 0 | M42: 618.5836 | N42: 0.68417508 | O42: 609.57911 | P42: 0.6742158 | Q42: #REF!
B43: C-3701-1000-30-20106A | C43: 2. SEGURIDAD HUMANA Y JUSTICIA SOCIAL / A. PREVENCIÓN Y PROTECCIÓN PARA POBLACIONES VULNERABLES DESDE UN ENFOQUE DIFERENCIAL, COLECTIVO E INDIVIDUAL | D43: FORTALECIMIENTO DE LA POLITICA PUBLICA DE PREVENCION DE VIOLACIONES A LOS DERECHOS A LA VIDA,INTEGRIDAD,LIBERTAD Y SEGURIDAD DE PERSONAS,GRUPOS Y COMUNIDADES EN COLOMBIA. NACIONAL | E43: 16146 | F43: 16146 | G43: 680.54719 | H43: 15465.453 | I43: 15465.453 | J43: 0 | K43: 4577.3217 | L43: 0 | M43: 10888.131 | N43: 0.70402925 | O43: 9523.6276 | P43: 0.61580012 | Q43: #REF!
B44: INVERSIÓN | E44: 20646.351 | F44: 20646.351 | G44: 889.95186 | H44: 19756.399 | I44: 19756.399 | J44: 1 | K44: 6234.2645 | L44: 0 | M44: 13522.135 | N44: 0.68444328 | O44: 11552.507 | P44: 0.58474762 | Q44: #REF!
B45: TOTAL | E45: 43193.55 | F45: 42461.55 | G45: 2044.0955 | H45: 40417.454 | I45: 40417.454 | J45: 1 | K45: 16395.432 | L45: 0 | M45: 24022.022 | N45: 0.59434773 | O45: 18719.589 | P45: 0.46315605 | Q45: #REF!
A47: NOMBRE UEJ | B47: RUBRO | C47: ARTICULACIÓN PLAN NACIONAL DE DESARROLLO -PND | D47: NOMBRE PROGRAMA MISIONAL DE FUNCIONAMIENTO Y/O PROYECTO DE INVERSIÓN | E47: APROPIACIÓN INICIAL | F47: APROPIACIÓN VIGENTE | G47: BLOQUEO | H47: APROPIACIÓN DESPUÈS DE BLOQUEO | I47: CDP | J47: % CDP | K47: SALDO EN CDP | L47: APROPIACIÓN DISPONIBLE | M47: COMPROMISO | N47: % COMPROMISO | O47: OBLIGACIÓN | P47: % OBLIGACIÓN
A48: GRUPO INTERNO DE TRABAJO DE ENFOQUE DE GÉNERO Y DIVERSIDAD | B48: C-3702-1000-14-701020 | C48: 7. ACTORES DIFERENCIALES PARA EL CAMBIO / 2. MUJERES EN EL CENTRO DE LA POLÍTICA DE LA VIDA Y LA PAZ | D48: MEJORAMIENTO DE LAS CAPACIDADES DE LAS ENTIDADES TERRITORIALES PARA TRANSVERSALIZAR EL ENFOQUE DE GÉNERO EN LA GESTIÓN DE LA CONVIVENCIA Y LA SEGURIDAD HUMANA NACIONAL | E48: 1500 | F48: 1500 | G48: 112.33008 | H48: 1387.6699 | I48: 1181.6674 | J48: 0.85154793 | K48: 64.543331 | L48: 206.00247 | M48: 1117.1241 | N48: 0.80503591 | O48: 798.04015 | P48: 0.57509364
B49: TOTAL INVERSIÓN | E49: 1500 | F49: 1500 | G49: 112.33008 | H49: 1387.6699 | I49: 1181.6674 | J49: 0.85154793 | K49: 64.543331 | L49: 206.00247 | M49: 1117.1241 | N49: 0.80503591 | O49: 798.04015 | P49: 0.57509364
B50: TOTAL DEPENDENCIA | E50: 1500 | F50: 1500 | G50: 112.33008 | H50: 1387.6699 | I50: 1181.6674 | J50: 0.85154793 | K50: 64.543331 | L50: 206.00247 | M50: 1117.1241 | N50: 0.80503591 | O50: 798.04015 | P50: 0.57509364
A51: Ejecución vigencia 2026. 31 agosto 2026
A52: NOMBRE UEJ | B52: RUBRO | C52: ARTICULACIÓN PLAN NACIONAL DE DESARROLLO -PND | D52: NOMBRE PROGRAMA MISIONAL DE FUNCIONAMIENTO Y/O PROYECTO DE INVERSIÓN | E52: APROPIACIÓN INICIAL | F52: APROPIACIÓN VIGENTE | G52: BLOQUEO | H52: APROPIACIÓN DESPUÈS DE BLOQUEO | I52: CDP | J52: % CDP | K52: SALDO EN CDP | L52: APROPIACIÓN DISPONIBLE | M52: COMPROMISO | N52: % COMPROMISO | O52: OBLIGACIÓN | P52: % OBLIGACIÓN | Q52: PAGOS
A53: DIRECCIÓN DE LA AUTORIDAD NACIONAL DE CONSULTA PREVIA | B53: A-01-01-02 | C53: CONTRIBUCIONES INHERENTES A LA NÓMINA | D53: CONTRIBUCIONES INHERENTES A LA NÓMINA | E53: 2704 | F53: 2704 | G53: 0 | H53: 2704 | I53: 2704 | J53: 1 | K53: 1264.1077 | L53: 0 | M53: 1439.8923 | N53: 0.53250456 | O53: 1439.8923 | P53: 0.53250456 | Q53: #REF!
B54: A-01-01-03 | C54: REMUNERACIONES NO CONSTITUTIVAS DE FACTOR SALARIAL | D54: REMUNERACIONES NO CONSTITUTIVAS DE FACTOR SALARIAL | E54: 890 | F54: 890 | G54: 0 | H54: 890 | I54: 889.90656 | J54: 0.99989501 | K54: 355.65806 | L54: 0.09344185 | M54: 534.2485 | N54: 0.60027921 | O54: 534.2485 | P54: 0.60027921 | Q54: #REF!
B55: A-01-01-01 | C55: SALARIO | D55: SALARIO | E55: 7429 | F55: 7429 | G55: 0 | H55: 7429 | I55: 7429 | J55: 1 | K55: 3080.5709 | L55: 0 | M55: 4348.4291 | N55: 0.58533169 | O55: 4340.5639 | P55: 0.58427296 | Q55: #REF!
B56: GASTOS DE PERSONAL | D56: TOTAL GASTOS DE PERSONAL DANCP | E56: 11023 | F56: 11023 | G56: 0 | H56: 11023 | I56: 11022.907 | J56: 0.99999152 | K56: 4700.3366 | L56: 0.09344185 | M56: 6322.5699 | N56: 0.57357978 | O56: 6314.7047 | P56: 0.57286625 | Q56: #REF!
B57: A-02 | C57: ADQUISICIÓN DE BIENES Y SERVICIOS | D57: ADQUISICIÓN DE BIENES Y SERVICIOS | E57: 4265.0564 | F57: 4265.0564 | G57: 0 | H57: 4265.0564 | I57: 4262.6323 | J57: 0.99943163 | K57: 561.9567 | L57: 2.4241353 | M57: 3700.6756 | N57: 0.8676733 | O57: 2465.6762 | P57: 0.57811103 | Q57: #REF! | R57: 16324.63
B58: ADQUISICIÓN DE BIENES Y SERVICIOS | D58: ADQUISICIÓN DE BIENES Y SERVICIOS | E58: 4265.0564 | F58: 4265.0564 | G58: 0 | H58: 4265.0564 | I58: 4262.6323 | J58: 0.99943163 | K58: 561.9567 | L58: 2.4241353 | M58: 3700.6756 | N58: 0.8676733 | O58: 2465.6762 | P58: 0.57811103 | Q58: #REF!
B59: A-03-03-01-034 | C59: FORTALECIMIENTO A LA CONSULTA PREVIA. CONVENIO 169 OIT, LEY 21 DE 1991, LEY 70 DE 1993 | D59: FORTALECIMIENTO A LA CONSULTA PREVIA. CONVENIO 169 OIT, LEY 21 DE 1991, LEY 70 DE 1993 | E59: 71777 | F59: 71777 | G59: 133.85098 | H59: 71643.149 | I59: 71643.149 | J59: 1 | K59: 40275.726 | L59: 0 | M59: 31367.423 | N59: 0.43782865 | O59: 19458.867 | P59: 0.27160821 | Q59: #REF!
B60: TRANSFERENCIAS | D60: TRANSFERENCIAS | E60: 71777 | F60: 71777 | G60: 133.85098 | H60: 71643.149 | I60: 71643.149 | J60: 1 | K60: 40275.726 | L60: 0 | M60: 31367.423 | N60: 0.43782865 | O60: 19458.867 | P60: 0.27160821 | Q60: #REF!
B61: A-08-04-01 | C61: CUOTA DE FISCALIZACIÓN Y AUDITAJE | D61: CUOTA DE FISCALIZACIÓN Y AUDITAJE | E61: 98 | F61: 98 | G61: 0 | H61: 98 | I61: 0 | J61: 0 | K61: 0 | L61: 98 | M61: 0 | N61: 0 | O61: 0 | P61: 0 | Q61: #REF!
B62: GASTOS POR TRIBUTOS Y FISCALIZACIÓN | E62: 98 | F62: 98 | G62: 0 | H62: 98 | I62: 0 | J62: 0 | K62: 0 | L62: 98 | M62: 0 | N62: 0 | O62: 0 | P62: 0 | Q62: #REF!
B63: C-3799-1000-1-53106A | C63: 5. CONVERGENCIA REGIONAL / A. CONDICIONES Y CAPACIDADES | D63: FORTALECIMIENTO DE LAS CAPACIDADES Y HABILIDADES CON QUE CUENTAN LOS GRUPOS ÉTNICOS, EJECUTORES E INSTITUCIONALIDAD INTERVINIENTE PARA LA PARTICIPACIÓN EN LOS PROCESOS DE CONSULTA PREVIA NACIONAL | E63: 2000 | F63: 2000 | G63: 0 | H63: 2000 | I63: 2000 | J63: 1 | K63: 1714.715 | L63: 0 | M63: 285.285 | N63: 0.1426425 | O63: 208.9164 | P63: 0.1044582 | Q63: #REF!
B64: INVERSIÓN | D64: INVERSIÓN | E64: 2000 | F64: 2000 | G64: 0 | H64: 2000 | I64: 2000 | J64: 1 | K64: 1714.715 | L64: 0 | M64: 285.285 | N64: 0.1426425 | O64: 208.9164 | P64: 0.1044582 | Q64: #REF!
B65: TOTAL | E65: 89163.056 | F65: 89163.056 | G65: 133.85098 | H65: 89029.205 | I65: 88928.688 | J65: 0.99887096 | K65: 47252.734 | L65: 100.51758 | M65: 41675.954 | N65: 0.46811553 | O65: 28448.165 | P65: 0.31953744 | Q65: #REF!
A66: Ejecución vigencia 2026. 31 agosto 2026
A67: NOMBRE UEJ | B67: RUBRO | C67: ARTICULACIÓN PLAN NACIONAL DE DESARROLLO -PND | D67: NOMBRE PROGRAMA MISIONAL DE FUNCIONAMIENTO Y/O PROYECTO DE INVERSIÓN | E67: APROPIACIÓN INICIAL | F67: APROPIACIÓN VIGENTE | G67: BLOQUEO | H67: APROPIACIÓN DESPUÈS DE BLOQUEO | I67: CDP | J67: % CDP | K67: SALDO EN CDP | L67: APROPIACIÓN DISPONIBLE | M67: COMPROMISO | N67: % COMPROMISO | O67: OBLIGACIÓN | P67: % OBLIGACIÓN | Q67: PAGOS
A68: DIRECCIÓN DE ASUNTOS RELIGIOSOS | B68: A-03-11-08-001 | C68: FORTALECIMIENTO ORGANIZACIONAL DE LAS ENTIDADES RELIGIOSAS Y LAS ORGANIZACIONES BASADAS EN LA FE COMO ACTORES SOCIALES TRASCENDENTES EN EL MARCO DE LA LEY 133 DE 1994 | D68: FORTALECIMIENTO ORGANIZACIONAL DE LAS ENTIDADES RELIGIOSAS Y LAS ORGANIZACIONES BASADAS EN LA FE COMO ACTORES SOCIALES TRASCENDENTES EN EL MARCO DE LA LEY 133 DE 1994 | E68: 1884 | F68: 1884 | G68: 46.452532 | H68: 1837.5475 | I68: 1837.5475 | J68: 1 | K68: 125.93078 | L68: 0 | M68: 1711.6167 | N68: 0.93146801 | O68: 1162.2853 | P68: 0.63251989 | Q68: #REF!
B69: TRANSFERENCIAS | D69: TRANSFERENCIAS | E69: 1884 | F69: 1884 | G69: 46.452532 | H69: 1837.5475 | I69: 1837.5475 | J69: 1 | K69: 125.93078 | L69: 0 | M69: 1711.6167 | N69: 0.93146801 | O69: 1162.2853 | P69: 0.63251989 | Q69: #REF!
B70: C-3704-1000-8-53106A | C70: 5. CONVERGENCIA REGIONAL / A. CONDICIONES Y CAPACIDADES INSTITUCIONALES, ORGANIZATIVAS E INDIVIDUALES PARA LA PARTICIPACIÓN CIUDADANA | D70: FORTALECIMIENTO DE LA INTEGRACIÓN DE PROCESOS, LA COORDINACIÓN DE ENTIDADES, LA ASIGNACIÓN DE RECURSOS Y EL CONOCIMIENTO, PARA BRINDAR GARANTÍAS PARA EL GOCE EFECTIVO DEL DERECHO DE LA LIBERTAD RELIGIOSA Y DE CULTOS EN EL TERRITORIO NACIONAL | E70: 1500 | F70: 1500 | G70: 175.55513 | H70: 1324.4449 | I70: 1324.4449 | J70: 1 | K70: 295.995 | L70: 0 | M70: 1028.4499 | N70: 0.77651391 | O70: 588.50734 | P70: 0.44434265 | Q70: #REF!
B71: INVERSIÓN | D71: INVERSIÓN | E71: 1500 | F71: 1500 | G71: 175.55513 | H71: 1324.4449 | I71: 1324.4449 | J71: 1 | K71: 295.995 | L71: 0 | M71: 1028.4499 | N71: 0.77651391 | O71: 588.50734 | P71: 0.44434265 | Q71: #REF!
B72: TOTAL | E72: 3384 | F72: 3384 | G72: 222.00766 | H72: 3161.9923 | I72: 3161.9923 | J72: 1 | K72: 421.92578 | L72: 0 | M72: 2740.0666 | N72: 0.86656331 | O72: 1750.7927 | P72: 0.55369921 | Q72: #REF!
A73: Ejecución vigencia 2026. 31 agosto 2026
A74: NOMBRE UEJ | B74: RUBRO | C74: ARTICULACIÓN PLAN NACIONAL DE DESARROLLO -PND | D74: NOMBRE PROGRAMA MISIONAL DE FUNCIONAMIENTO Y/O PROYECTO DE INVERSIÓN | E74: APROPIACIÓN INICIAL | F74: APROPIACIÓN VIGENTE | G74: BLOQUEO | H74: APROPIACIÓN DESPUÈS DE BLOQUEO | I74: CDP | J74: % CDP | K74: SALDO EN CDP | L74: APROPIACIÓN DISPONIBLE | M74: COMPROMISO | N74: % COMPROMISO | O74: OBLIGACIÓN | P74: % OBLIGACIÓN | Q74: PAGOS
A75: DIRECCIÓN DE SEGURIDAD, CONVIVENCIA CIUDADANA Y GOBIERNO | B75: A-03-03-04-062 | C75: APOYO COMITÉ INTERINSTITUCIONAL DE ALERTAS TEMPRANAS CIAT SENTENCIA T-025 DE 2004. | D75: APOYO COMITÉ INTERINSTITUCIONAL DE ALERTAS TEMPRANAS CIAT SENTENCIA T-025 DE 2004. | E75: 8822.518 | F75: 8822.518 | G75: 1348.0521 | H75: 7474.4659 | I75: 7474.4659 | J75: 1 | K75: 1419.2156 | L75: 0 | M75: 6055.2503 | N75: 0.81012482 | O75: 3348.1038 | P75: 0.44793887 | Q75: #REF!
B76: TRANSFERENCIAS | D76: TRANSFERENCIAS | E76: 8822.518 | F76: 8822.518 | G76: 1348.0521 | H76: 7474.4659 | I76: 7474.4659 | J76: 1 | K76: 1419.2156 | L76: 0 | M76: 6055.2503 | N76: 0.81012482 | O76: 3348.1038 | P76: 0.44793887 | Q76: #REF!
B77: C-3702-1000-16-20105A | C77: 2. SEGURIDAD HUMANA Y JUSTICIA SOCIAL / A. NUEVO MODELO NACIÓN-TERRITORIO PARA LA CONVIVENCIA Y LA SEGURIDAD CIUDADANA | D77: FORTALECIMIENTO DE LA CAPACIDAD DE ARTICULACIÓN TERRITORIAL PARA LA INCORPORACIÓN DE ESTRATEGIAS DE CONVIVENCIA Y SEGURIDAD CIUDADANA INTEGRAL, CORRESPONSABLE, CONTEXTUALIZADA Y PREVENTIVA A NIVEL NACIONAL | E77: 7000 | F77: 7000 | G77: 5.86999 | H77: 6994.13 | I77: 6994.13 | J77: 1 | K77: 125.08125 | L77: 0 | M77: 6869.0488 | N77: 0.98211625 | O77: 6055.7145 | P77: 0.86582813 | Q77: #REF!
B78: C-3702-1000-16-20105B | C78: 2. SEGURIDAD HUMANA Y JUSTICIA SOCIAL / B. CREACIÓN DEL SISTEMA NACIONAL DE CONVIVENCIA PARA LA VIDA | D78: FORTALECIMIENTO DE LA CAPACIDAD DE ARTICULACIÓN TERRITORIAL PARA LA INCORPORACIÓN DE ESTRATEGIAS DE CONVIVENCIA Y SEGURIDAD CIUDADANA INTEGRAL, CORRESPONSABLE, CONTEXTUALIZADA Y PREVENTIVA A NIVEL NACIONAL | E78: 7000 | F78: 7000 | G78: 18.947099 | H78: 6981.0529 | I78: 6981.0529 | J78: 1 | K78: 677.91724 | L78: 0 | M78: 6303.1357 | N78: 0.90289183 | O78: 4174.4523 | P78: 0.59796887 | Q78: #REF!
B79: INVERSIÓN | D79: INVERSIÓN | E79: 14000 | F79: 14000 | G79: 24.817089 | H79: 13975.183 | I79: 13975.183 | J79: 2 | K79: 802.99849 | L79: 0 | M79: 13172.184 | N79: 0.94254111 | O79: 10230.167 | P79: 1.463797 | Q79: #REF!
B80: TOTAL | E80: 22822.518 | F80: 22822.518 | G80: 1372.8692 | H80: 21449.649 | I80: 21449.649 | J80: 1 | K80: 2222.2141 | L80: 0 | M80: 19227.435 | N80: 0.89639858 | O80: 13578.271 | P80: 0.63302998 | Q80: #REF!
A81: Ejecución vigencia 2026. 31 agosto 2026
A82: NOMBRE UEJ | B82: RUBRO | C82: ARTICULACIÓN PLAN NACIONAL DE DESARROLLO -PND | D82: NOMBRE PROGRAMA MISIONAL DE FUNCIONAMIENTO Y/O PROYECTO DE INVERSIÓN | E82: APROPIACIÓN INICIAL | F82: APROPIACIÓN VIGENTE | G82: BLOQUEO | H82: APROPIACIÓN DESPUÈS DE BLOQUEO | I82: CDP | J82: % CDP | K82: SALDO EN CDP | L82: APROPIACIÓN DISPONIBLE | M82: COMPROMISO | N82: % COMPROMISO | O82: OBLIGACIÓN | P82: % OBLIGACIÓN | Q82: PAGOS
A83: SUBDIRECCIÓN DE GOBIERNO, GESTIÓN TERRITORIAL Y LUCHA CONTRA LA TRATA | B83: A-03-03-01-033 | C83: FONDO NACIONAL PARA LA LUCHA CONTRA LA TRATA DE PERSONAS. LEY 985 DE 2005 Y DECRETO 4319 DE 2006 | D83: FONDO NACIONAL PARA LA LUCHA CONTRA LA TRATA DE PERSONAS. LEY 985 DE 2005 Y DECRETO 4319 DE 2006 | E83: 7607 | F83: 7607 | G83: 6132.2649 | H83: 1474.7351 | I83: 1474.7351 | J83: 1 | K83: 1254.7351 | L83: 0 | M83: 220 | N83: 0.14917933 | O83: 220 | P83: 0.14917933 | Q83: #REF!
B84: A-03-03-01-035 | C84: FORTALECIMIENTO A LA GESTIÓN TERRITORIAL Y BUEN GOBIERNO LOCAL | D84: FORTALECIMIENTO A LA GESTIÓN TERRITORIAL Y BUEN GOBIERNO LOCAL | E84: 15474 | F84: 14685 | G84: 1781.1135 | H84: 12903.886 | I84: 12903.886 | J84: 1 | K84: 3545.3405 | L84: 0 | M84: 9358.546 | N84: 0.72525018 | O84: 6789.9086 | P84: 0.52619098 | Q84: #REF!
B85: A-03-03-01-039 | C85: IMPLEMENTACIÓN LEY 985 DE 2005 SOBRE TRATA DE PERSONAS | D85: IMPLEMENTACIÓN LEY 985 DE 2005 SOBRE TRATA DE PERSONAS | E85: 2926 | F85: 2926 | G85: 586.87466 | H85: 2339.1253 | I85: 2339.1253 | J85: 1 | K85: 505.88121 | L85: 0 | M85: 1833.2441 | N85: 0.78373061 | O85: 984.6392 | P85: 0.42094332 | Q85: #REF!
B86: TRANSFERENCIAS | D86: TRANSFERENCIAS | E86: 26007 | F86: 25218 | G86: 8500.2531 | H86: 16717.747 | I86: 16717.747 | J86: 1 | K86: 5305.9568 | L86: 0 | M86: 11411.79 | N86: 0.68261532 | O86: 7994.5478 | P86: 0.47820725 | Q86: #REF!
B87: C-3702-1000-17-701040 | C87: 7. ACTORES DIFERENCIALES PARA EL CAMBIO / 4. POR UNA VIDA LIBRE DE VIOLENCIAS CONTRA LAS MUJERES | D87: FORTALECIMIENTO EN LA PREVENCIÓN, PROTECCIÓN Y ASISTENCIA EN LA LUCHA CONTRA EL DELITO DE TRATA PERSONAS NACIONAL | E87: 1000 | F87: 1000 | G87: 254.25952 | H87: 745.74048 | I87: 396.8075 | J87: 0.53209865 | K87: 25.6025 | L87: 348.93298 | M87: 371.205 | N87: 0.497767 | O87: 364.37767 | P87: 0.48861189 | Q87: #REF!
B88: C-3702-1000-18-10204A | C88: 1. ORDENAMIENTO DEL TERRITORIO ALREDEDOR DEL AGUA Y JUSTICIA AMBIENTAL / A. EMPODERAMIENTO DE LOS GOBIERNOS LOCALES Y SUS COMUNIDADES | D88: FORTALECIMIENTO DE LA ARTICULACIÓN, COORDINACIÓN Y PARTICIPACIÓN DE LAS ENTIDADES TERRITORIALES, CORPORACIONES PÚBLICAS Y LÍDERES LOCALES EN LOS PROCESOS DE ORDENAMIENTO TERRITORIAL ALREDEDOR DEL AGUA Y DESCENTRALIZACIÓN. NACIONAL | E88: 2000 | F88: 2000 | G88: 328.82406 | H88: 1671.1759 | I88: 1671.1759 | J88: 0 | K88: 996.21988 | L88: 0 | M88: 674.95607 | N88: 0.40388091 | O88: 580.75458 | P88: 0.34751253 | Q88: #REF!
B89: C-3702-1000-18-53105B | C89: 5. CONVERGENCIA REGIONAL/ 8 ENTIDADES PUBLICAS TERRITORIALES Y NACIONALES FORTALECIDAS | D89: FORTALECIMIENTO DE LA ARTICULACIÓN, COORDINACIÓN Y PARTICIPACIÓN DE LAS ENTIDADES TERRITORIALES, CORPORACIONES PÚBLICAS Y LÍDERES LOCALES EN LOS PROCESOS DE ORDENAMIENTO TERRITORIAL ALREDEDOR DEL AGUA Y DESCENTRALIZACIÓN. NACIONAL | E89: 2000 | F89: 2000 | G89: 0.808358 | H89: 1999.1916 | I89: 1999.1916 | J89: 0 | K89: 634.47506 | L89: 0 | M89: 1364.7166 | N89: 0.6826342 | O89: 1008.2002 | P89: 0.50430395
B90: INVERSIÓN | D90: INVERSIÓN | E90: 5000 | F90: 5000 | G90: 583.89194 | H90: 4416.1081 | I90: 4067.1751 | J90: 0.92098631 | K90: 1656.2974 | L90: 348.93298 | M90: 2410.8777 | N90: 0.54592814 | O90: 1953.3325 | P90: 0.4423199 | Q90: #REF!
B91: TOTAL | E91: 31007 | F91: 30218 | G91: 9084.145 | H91: 21133.855 | I91: 20784.922 | J91: 0.98348938 | K91: 6962.2542 | L91: 348.93298 | M91: 13822.668 | N91: 0.65405331 | O91: 9947.8803 | P91: 0.47070827 | Q91: #REF!
A92: Ejecución vigencia 2026. 31 agosto 2026
A94: NOMBRE UEJ | B94: RUBRO | C94: ARTICULACIÓN PLAN NACIONAL DE DESARROLLO -PND | D94: NOMBRE PROGRAMA MISIONAL DE FUNCIONAMIENTO Y/O PROYECTO DE INVERSIÓN | E94: APROPIACIÓN INICIAL | F94: APROPIACIÓN VIGENTE | G94: BLOQUEO | H94: APROPIACIÓN DESPUÈS DE BLOQUEO | I94: CDP | J94: % CDP | K94: SALDO EN CDP | L94: APROPIACIÓN DISPONIBLE | M94: COMPROMISO | N94: % COMPROMISO | O94: OBLIGACIÓN | P94: % OBLIGACIÓN | Q94: PAGOS
A95: SUBDIRECCIÓN DE PROYECTOS PARA LA SEGURIDAD Y CONVIVENCIA CIUDADANA | B95: A-03-03-01-032 | C95: FONDO NACIONAL DE SEGURIDAD Y CONVIVENCIA CIUDADANA -FONSECON | D95: FONDO NACIONAL DE SEGURIDAD Y CONVIVENCIA CIUDADANA -FONSECON | E95: 627264 | F95: 627264 | G95: 149.36984 | H95: 627114.63 | I95: 627114.63 | J95: 1 | K95: 11308.351 | L95: 0 | M95: 615806.28 | N95: 0.98196765 | O95: 70767.222 | P95: 0.11284575 | Q95: #REF!
B96: TRANSFERENCIAS | D96: TRANSFERENCIAS | E96: 627264 | F96: 627264 | G96: 149.36984 | H96: 627114.63 | I96: 627114.63 | J96: 1 | K96: 11308.351 | L96: 0 | M96: 615806.28 | N96: 0.98196765 | O96: 70767.222 | P96: 0.11284575 | Q96: #REF!
B97: C-3702-1000-8-20105A | C97: FORTALECIMIENTO DE LOS SISTEMAS INTEGRADOS DE EMERGENCIA Y SEGURIDAD SIES A NIVEL NACIONAL | D97: FORTALECIMIENTO DE LOS SISTEMAS INTEGRADOS DE EMERGENCIA Y SEGURIDAD SIES A NIVEL NACIONAL | E97: 60000 | F97: 60000 | G97: 0 | H97: 60000 | I97: 60000 | J97: 1 | K97: 10208.897 | L97: 0 | M97: 49791.103 | N97: 0.82985171 | O97: 8530.0646 | P97: 0.14216774
B98: C-3702-1000-13-20105A | C98: 2. SEGURIDAD HUMANA Y JUSTICIA SOCIAL / A. NUEVO MODELO NACIÓN-TERRITORIO PARA LA CONVIVENCIA Y LA SEGURIDAD CIUDADANA | D98: FORTALECIMIENTO A LAS ENTIDADES TERRITORIALES A TRAVES DE LA FINANCIACION DE INFRAESTRUCTURA PARA LA SEGURIDAD Y CONVIVENCIA CIUDADANA A NIVEL NACIONAL | E98: 81291 | F98: 81291 | G98: 0 | H98: 81291 | I98: 81291 | J98: 1 | K98: 8149.3214 | L98: 0 | M98: 73141.679 | N98: 0.89975125 | O98: 1771.4435 | P98: 0.021791385 | Q98: #REF!
B99: INVERSIÓN | D99: INVERSIÓN | E99: 141291 | F99: 141291 | G99: 0 | H99: 141291 | I99: 141291 | J99: 1 | K99: 18358.219 | L99: 0 | M99: 122932.78 | N99: 0.87006802 | O99: 10301.508 | P99: 0.072909867 | Q99: #REF!
B100: TOTAL | E100: 768555 | F100: 768555 | G100: 149.36984 | H100: 768405.63 | I100: 768405.63 | J100: 1 | K100: 29666.57 | L100: 0 | M100: 738739.06 | N100: 0.96139204 | O100: 81068.73 | P100: 0.10550252 | Q100: #REF!
A101: Ejecución vigencia 2026. 31 agosto 2026
A102: NOMBRE UEJ | B102: RUBRO | C102: ARTICULACIÓN PLAN NACIONAL DE DESARROLLO -PND | D102: NOMBRE PROGRAMA MISIONAL DE FUNCIONAMIENTO Y/O PROYECTO DE INVERSIÓN | E102: APROPIACIÓN INICIAL | F102: APROPIACIÓN VIGENTE | G102: BLOQUEO | H102: APROPIACIÓN DESPUÈS DE BLOQUEO | I102: CDP | J102: % CDP | K102: SALDO EN CDP | L102: APROPIACIÓN DISPONIBLE | M102: COMPROMISO | N102: % COMPROMISO | O102: OBLIGACIÓN | P102: % OBLIGACIÓN | Q102: PAGOS
A103: DIRECCIÓN DE ASUNTOS LEGISLATIVOS | B103: C-3799-1000-18-53105B | C103: 5. CONVERGENCIA REGIONAL / B. ENTIDADES PÚBLICAS TERRITORIALES Y NACIONALES FORTALECIDAS | D103: FORTALECIMIENTO DE LAS RELACIONES ENTRE EL GOBIERNO NACIONAL Y EL CONGRESO DE LA REPÚBLICA EN LOS PROCESOS TÉCNICOS Y ADMINISTRATIVOS A NIVEL NACIONAL | E103: 3000 | F103: 3000 | G103: 261.04764 | H103: 2738.9524 | I103: 2738.9524 | J103: 1 | K103: 124.75558 | L103: 0 | M103: 2614.1968 | N103: 0.95445135 | O103: 1584.1772 | P103: 0.57838802 | Q103: #REF!
B104: INVERSIÓN | D104: INVERSIÓN | E104: 3000 | F104: 3000 | G104: 261.04764 | H104: 2738.9524 | I104: 2738.9524 | J104: 1 | K104: 124.75558 | L104: 0 | M104: 2614.1968 | N104: 0.95445135 | O104: 1584.1772 | P104: 0.57838802 | Q104: #REF!
B105: TOTAL | E105: 3000 | F105: 3000 | G105: 261.04764 | H105: 2738.9524 | I105: 2738.9524 | J105: 1 | K105: 124.75558 | L105: 0 | M105: 2614.1968 | N105: 0.95445135 | O105: 1584.1772 | P105: 0.57838802 | Q105: #REF!
...

Sheet ALERTAS DIRECCIONES
A1: EJECUCIÓN PRESUPUESTAL - ALERTA DIRECCIONES
A4: 46265
A5: Cifras en millones de pesos
A6: DESPACHO DEL VICEMINISTRO PARA EL DIÁLOGO SOCIAL Y LOS DERECHOS HUMANOS
A7: CONCEPTO | B7: APROPIACIÓN INICIAL | C7: APROPIACIÓN VIGENTE | D7: REDUCIDO | E7: BLOQUEO | F7: APROPIACIÓN DESPUÈS DE BLOQUEO | G7: CDP | H7: % CDP | I7: APROPIACION DISPONIBLE | J7: COMPROMISO | K7: % COMPR. | L7: %META COMPROMISO | M7: ALERTA COMPROMISOS | O7: SALDO EN CDP | P7: OBLIGACIÓN | Q7: % OBLI. | R7: META % OBLIGACIONES | S7: ALERTA OBLIGACIÓN | U7: PAGOS
A8: Dirección de Asuntos para Comunidades Negras, Afrocolombianas, Raizales y Palenqueras | B8: 47548.53 | C8: 47316.53 | D8: #REF! | E8: 20156.955 | F8: 27159.575 | G8: 27088.052 | H8: 0.99736656 | I8: 71.523178 | J8: 16179.276 | K8: 0.59571168 | L8: 0.83 | M8: A | N8: 0.71772491 | O8: 10908.776 | P8: 10919.994 | Q8: 0.40206794 | R8: 0.43 | S8: A | T8: 0.93504172 | U8: #REF!
A9: Dirección de Asuntos Indígenas, ROM y Minorías | B9: 171132.15 | C9: 173900.15 | D9: #REF! | E9: 63235.692 | F9: 110664.46 | G9: 110664.46 | H9: 1 | I9: 0 | J9: 37322.363 | K9: 0.337257 | L9: 0.83 | M9: R | N9: 0.40633374 | O9: 73342.095 | P9: 16104.771 | Q9: 0.14552795 | R9: 0.43 | S9: R | T9: 0.33843708 | U9: #REF!
A10: Dirección de Derechos Humanos | B10: 43193.55 | C10: 42461.55 | D10: #REF! | E10: 2044.0955 | F10: 40417.454 | G10: 40417.454 | H10: 1 | I10: 0 | J10: 24022.022 | K10: 0.59434773 | L10: 0.83 | M10: A | N10: 0.7160816 | O10: 16395.432 | P10: 18719.589 | Q10: 0.46315605 | R10: 0.43 | S10: V | T10: 1.0771071 | U10: #REF!
A11: Grupo Interno de Trabajo de Enfoque de Genero y Diversidad | B11: 1500 | C11: 1500 | E11: 112.33008 | F11: 1387.6699 | G11: 1181.6674 | H11: 0.85154793 | I11: 206.00247 | J11: 1117.1241 | K11: 0.80503591 | L11: 0.83 | M11: A | N11: 0.96992278 | P11: 798.04015 | Q11: 0.57509364 | S11: R
A12: Dirección de la Autoridad Nacional de Consulta Previa | B12: 89163.056 | C12: 89163.056 | D12: 0 | E12: 133.85098 | F12: 89029.205 | G12: 88928.688 | H12: 0.99887096 | I12: 100.51758 | J12: 41675.954 | K12: 0.46811553 | L12: 0.83 | M12: R | N12: 0.56399462 | O12: 47252.734 | P12: 28448.165 | Q12: 0.31953744 | R12: 0.43 | S12: A | T12: 0.74311033 | U12: #REF!
A13: Dirección de Asuntos Religiosos | B13: 3384 | C13: 3384 | D13: #REF! | E13: 222.00766 | F13: 3161.9923 | G13: 3161.9923 | H13: 1 | I13: 0 | J13: 2740.0666 | K13: 0.86656331 | L13: 0.83 | M13: V | N13: 1.0440522 | O13: 421.92578 | P13: 1750.7927 | Q13: 0.55369921 | R13: 0.43 | S13: V | T13: 1.2876726 | U13: #REF!
A14: Viceministerio para el Diálogo Social y los Derechos Humanos | B14: 14000 | C14: 14000 | D14: #REF! | E14: 6025.7106 | F14: 7974.2894 | G14: 7925.7817 | H14: 0.99391698 | I14: 48.50773 | J14: 7755.3315 | K14: 0.97254201 | L14: 0.83 | M14: V | N14: 1.1717374 | O14: 170.45022 | P14: 6213.0708 | Q14: 0.77913786 | R14: 0.43 | S14: V | T14: 1.8119485 | U14: #REF!
A15: TOTAL PGN | B15: 369921.29 | C15: 371725.29 | D15: #REF! | E15: 91930.642 | F15: 279794.65 | G15: 279368.09 | H15: 0.99847549 | I15: 426.55096 | J15: 130812.14 | K15: 0.4675291 | L15: 0.83 | M15: A | N15: 0.56328807 | O15: 148555.96 | P15: 82954.423 | Q15: 0.29648324 | R15: 0.43 | S15: R | T15: 0.6894959 | U15: #REF!
A16: Dirección de Asuntos para Comunidades Negras, Afrocolombianas, Raizales y Palenqueras | B16: 0 | C16: 0 | D16: #REF! | E16: 0 | F16: 0 | G16: 0 | H16: 0 | I16: 0 | J16: 0 | K16: 0 | L16: 0.83 | M16: R | N16: 0 | O16: 0 | P16: 0 | Q16: 0 | R16: 0.43 | S16: R | T16: 0 | U16: 0
A17: Dirección de Asuntos Indígenas, ROM y Minorías | B17: 0 | C17: 0 | D17: #REF! | E17: 0 | F17: 0 | G17: 0 | H17: 0 | I17: 0 | J17: 0 | K17: 0 | L17: 0.83 | M17: R | N17: 0 | O17: 0 | P17: 0 | Q17: 0 | R17: 0.43 | S17: R | T17: 0 | U17: 0
A18: REGALIAS | B18: 0 | C18: 0 | D18: #REF! | E18: 0 | F18: 0 | G18: 0 | H18: 0 | I18: 0 | J18: 0 | K18: 0 | L18: 0.83 | M18: R | N18: 0 | O18: 0 | P18: 0 | Q18: 0 | R18: 0.43 | S18: R | T18: 0 | U18: 0
A19: TOTAL | B19: 369921.29 | C19: 371725.29 | D19: #REF! | E19: 91930.642 | F19: 279794.65 | G19: 279368.09 | H19: 0.99847549 | I19: 426.55096 | J19: 130812.14 | K19: 0.4675291 | L19: 0.83 | M19: R | N19: 0.56328807 | O19: 148555.96 | P19: 82954.423 | Q19: 0.29648324 | R19: 0.43 | S19: R | T19: 0.6894959 | U19: #REF!
A20: Ejecución vigencia 2026. 31 agosto 2026
A21: Cifras en millones de pesos
A22: DESPACHO DEL VICEMINISTRO GENERAL DEL INTERIOR
A23: CONCEPTO | B23: APROPIACIÓN INICIAL | C23: APROPIACIÓN VIGENTE | D23: REDUCIDO | E23: BLOQUEO | F23: APROPIACIÓN DESPUÈS DE BLOQUEO | G23: CDP | H23: % CDP | I23: APROPIACION DISPONIBLE | J23: COMPROMISO | K23: % COMPR. | L23: %META COMPROMISO | M23: ALERTA COMPROMISOS | O23: SALDO EN CDP | P23: OBLIGACIÓN | Q23: % OBLI. | R23: META % OBLIGACIONES | S23: ALERTA OBLIGACIÓN | U23: PAGOS
A24: Subdirección de Proyectos para la Seguridad y Convivencia Ciudadana | B24: 768555 | C24: 768555 | D24: #REF! | E24: 149.36984 | F24: 768405.63 | G24: 768405.63 | H24: 1 | I24: 0 | J24: 738739.06 | K24: 0.96139204 | L24: 0.83 | M24: V | N24: 1.1583037 | O24: 29666.57 | P24: 81068.73 | Q24: 0.10550252 | R24: 0.43 | S24: R | T24: 0.2453547 | U24: #REF!
A25: Dirección para la Democracia, la participación Ciudadana y la Acción Comunal | B25: 95690 | C25: 93953 | D25: #REF! | E25: 48517.332 | F25: 45435.668 | G25: 45435.668 | H25: 1 | I25: 0 | J25: 28932.122 | K25: 0.63677113 | L25: 0.83 | M25: A | N25: 0.76719413 | O25: 16503.547 | P25: 21400 | Q25: 0.4709956 | R25: 0.43 | S25: V | T25: 1.0953386 | U25: #REF!
A26: Dirección de Seguridad, Convivencia Ciudadana y Gobierno | B26: 22822.518 | C26: 22822.518 | D26: #REF! | E26: 1372.8692 | F26: 21449.649 | G26: 21449.649 | H26: 1 | I26: 0 | J26: 19227.435 | K26: 0.89639858 | L26: 0.83 | M26: V | N26: 1.0799983 | O26: 2222.2141 | P26: 13578.271 | Q26: 0.63302998 | R26: 0.43 | S26: V | T26: 1.4721627 | U26: #REF!
A27: Subdirección de Gobierno, Gestión Territorial y Lucha contra la Trata | B27: 31007 | C27: 30218 | D27: #REF! | E27: 9084.145 | F27: 21133.855 | G27: 20784.922 | H27: 0.98348938 | I27: 348.93298 | J27: 13822.668 | K27: 0.65405331 | L27: 0.83 | M27: A | N27: 0.78801604 | O27: 6962.2542 | P27: 9947.8803 | Q27: 0.47070827 | R27: 0.43 | S27: V | T27: 1.0946704 | U27: #REF!
A28: Dirección de Asuntos Legislativos | B28: 3000 | C28: 3000 | D28: #REF! | E28: 261.04764 | F28: 2738.9524 | G28: 2738.9524 | H28: 1 | I28: 0 | J28: 2614.1968 | K28: 0.95445135 | L28: 0.83 | M28: V | N28: 1.1499414 | O28: 124.75558 | P28: 1584.1772 | Q28: 0.57838802 | R28: 0.43 | S28: V | T28: 1.3450884 | U28: #REF!
A29: TOTAL | B29: 921074.52 | C29: 918548.52 | D29: #REF! | E29: 59384.764 | F29: 859163.75 | G29: 858814.82 | H29: 0.99959387 | I29: 348.93298 | J29: 803335.48 | K29: 0.93502022 | L29: 0.83 | M29: V | N29: 1.1265304 | O29: 55479.34 | P29: 127579.06 | Q29: 0.14849213 | R29: 0.43 | S29: R | T29: 0.34533054 | U29: #REF!
A30: Ejecución vigencia 2026. 31 agosto 2026
A31: Cifras en millones de pesos
A32: DESPACHO DEL MINISTRO
A33: CONCEPTO | B33: APROPIACIÓN INICIAL | C33: APROPIACIÓN VIGENTE | D33: REDUCIDO | E33: BLOQUEO | F33: APROPIACIÓN DESPUÈS DE BLOQUEO | G33: CDP | H33: % CDP | I33: APROPIACION DISPONIBLE | J33: COMPROMISO | K33: % COMPR. | L33: %META COMPROMISO | M33: ALERTA COMPROMISOS | O33: SALDO EN CDP | P33: OBLIGACIÓN | Q33: % OBLI. | R33: META % OBLIGACIONES | S33: ALERTA OBLIGACIÓN | U33: PAGOS
A34: Oficina de Información Pública del Interior | B34: 5170.974 | C34: 10779.974 | D34: #REF! | E34: 139.0396 | F34: 10640.934 | G34: 5006.089 | H34: 0.47045578 | I34: 5634.8453 | J34: 4809.5436 | K34: 0.45198508 | L34: 0.83 | M34: R | N34: 0.54456034 | O34: 196.54541 | P34: 3905.209 | Q34: 0.36699869 | R34: 0.43 | S34: A | T34: 0.85348534 | U34: #REF!
A35: Grupo de Paz | B35: 7000 | C35: 7000 | D35: #REF! | E35: 3773.9184 | F35: 3226.0816 | G35: 3226.0816 | H35: 1 | I35: 0 | J35: 3076.7717 | K35: 0.95371787 | L35: 0.83 | M35: V | N35: 1.1490577 | O35: 149.30991 | P35: 1838.1415 | Q35: 0.56977526 | R35: 0.43 | S35: V | T35: 1.3250588 | U35: #REF!
A36: Oficina Asesora de Planeación | B36: 5000 | C36: 5000 | D36: #REF! | E36: 164.19106 | F36: 4835.8089 | G36: 4835.8089 | H36: 1 | I36: 0 | J36: 4261.8265 | K36: 0.88130582 | L36: 0.83 | M36: V | N36: 1.0618142 | O36: 573.9824 | P36: 2720.4618 | Q36: 0.56256602 | R36: 0.43 | S36: V | T36: 1.3082931 | U36: #REF!
A37: Grupo de Articulación Interna para la Política de Víctimas | B37: 15615.53 | C37: 15615.53 | D37: #REF! | E37: 10374.038 | F37: 5241.492 | G37: 5241.492 | H37: 1 | I37: 0 | J37: 4170.3683 | K37: 0.79564526 | L37: 0.83 | M37: A | N37: 0.95860875 | O37: 1071.1237 | P37: 2718.108 | Q37: 0.51857526 | R37: 0.43 | S37: V | T37: 1.205989 | U37: #REF!
A38: Direccion Jurídica | B38: 3542.9 | C38: 3542.9 | D38: #REF! | E38: 2261.8691 | F38: 1281.0309 | G38: 1281.0309 | H38: 0 | I38: 0 | J38: 104.66667 | K38: 0 | L38: N/A | M38: NA | O38: 1176.3642 | P38: 104.66667 | Q38: 0 | R38: N/A | S38: 0.028627749 | T38: 0.028627749 | U38: 0
A39: TOTAL | B39: 36329.404 | C39: 41938.404 | D39: #REF! | E39: 16713.056 | F39: 25225.348 | G39: 19590.502 | H39: 0.77661972 | I39: 5634.8453 | J39: 16423.177 | K39: 0.65105849 | L39: 0.83 | M39: A | N39: 0.78440782 | O39: 3167.3256 | P39: 11286.587 | Q39: 0.44743038 | R39: 0.43 | S39: V | T39: 1.0405358 | U39: #REF!
A40: Ejecución vigencia 2026. 31 agosto 2026
A41: Cifras en millones de pesos
A42: SECRETARÍA GENERAL
A43: CONCEPTO | B43: APROPIACIÓN INICIAL | C43: APROPIACIÓN VIGENTE | D43: REDUCIDO | E43: BLOQUEO | F43: APROPIACIÓN DESPUÈS DE BLOQUEO | G43: CDP | H43: % CDP | I43: APROPIACION DISPONIBLE | J43: COMPROMISO | K43: % COMPR. | L43: %META COMPROMISO | M43: ALERTA COMPROMISOS | O43: SALDO EN CDP | P43: OBLIGACIÓN | Q43: % OBLI. | R43: META % OBLIGACIONES | S43: ALERTA OBLIGACIÓN | U43: PAGOS
A44: Secretaría General | B44: 485.563 | C44: 780.563 | D44: #REF! | E44: 0 | F44: 780.563 | G44: 485.56381 | H44: 0.6220687 | I44: 294.99919 | J44: 485.56381 | K44: 0.6220687 | L44: N/A | O44: 0 | P44: 485.56381 | Q44: 0.6220687 | R44: N/A | U44: 0
A45: Subdirección Administrativa y Financiera | B45: 38438.918 | C45: 44602.918 | D45: #REF! | E45: 0 | F45: 44602.918 | G45: 39264.142 | H45: 0.88030433 | I45: 5338.7764 | J45: 31467.969 | K45: 0.7055137 | L45: N/A | M45: N/A | N45: N/A | O45: 7796.1721 | P45: 11967.863 | Q45: 0.26832019 | R45: N/A | U45: #REF!
A46: Subdirección de Gestión Humana | B46: 53534.166 | C46: 54016.166 | D46: #REF! | E46: 0 | F46: 54016.166 | G46: 53162.941 | H46: 0.98420426 | I46: 853.22526 | J46: 30036.849 | K46: 0.55607148 | L46: N/A | M46: N/A | N46: N/A | O46: 23126.092 | P46: 29393.841 | Q46: 0.54416748 | R46: N/A | U46: #REF!
A47: TOTAL | B47: 92458.647 | C47: 99399.647 | D47: #REF! | E47: 0 | F47: 99399.647 | G47: 92912.646 | H47: 0.93473819 | I47: 6487.0008 | J47: 61990.383 | K47: 0.62364791 | L47: N/A | O47: 30922.264 | P47: 41847.268 | Q47: 0.42100017 | R47: N/A | U47: #REF!
A48: Ejecución vigencia 2026. 31 agosto 2026
A50: Cifras en millones de pesos
A51: OTROS
A52: CONCEPTO | B52: APROPIACIÓN INICIAL | C52: APROPIACIÓN VIGENTE | D52: REDUCIDO | E52: BLOQUEO | F52: APROPIACIÓN DESPUÈS DE BLOQUEO | G52: CDP | H52: % CDP | I52: APROPIACION DISPONIBLE | J52: COMPROMISO | K52: % COMPR. | L52: %META COMPROMISO | M52: ALERTA COMPROMISOS | O52: SALDO EN CDP | P52: OBLIGACIÓN | Q52: % OBLI. | R52: META % OBLIGACIONES | S52: ALERTA OBLIGACIÓN | U52: PAGOS
A53: Pago de aportes sobre los voluntarios acreditados y activos del subsistema nacional de primera respuesta afiliados al SGRL - decreto 1809 de 2020 | B53: 9187 | C53: 9187 | D53: #REF! | E53: 0 | F53: 9187 | G53: 9187 | H53: 1 | I53: 0 | J53: 9187 | K53: 1 | L53: N/A | O53: 0 | P53: 9187 | Q53: 1 | R53: N/A | U53: #REF!
A54: OTRAS TRANSFERENCIAS - PREVIO CONCEPTO DGPPN | B54: 0 | C54: 0 | D54: #REF! | E54: 0 | F54: 0 | G54: 0 | H54: 0 | I54: 0 | J54: 0 | K54: 0 | L54: N/A | O54: 0 | P54: 0 | Q54: 0 | R54: N/A | U54: #REF!
A55: TOTAL | B55: 9187 | C55: 9187 | D55: #REF! | E55: 0 | F55: 9187 | G55: 9187 | H55: 1 | I55: 0 | J55: 9187 | K55: 1 | L55: N/A | O55: 0 | P55: 9187 | Q55: 1 | R55: N/A | U55: #REF!
A56: Ejecución vigencia 2026. 31 agosto 2026

Sheet DATOS REGALIAS
P1: Código: GR-RF-P5-F2
H2: FORMATO | P2: Versión: 06
H3: EJECUCIÓN PRESUPUESTAL
H4: VIGENCIA ACTUAL | P4: Vigente Desde: 09/04/2019
H5: ANEXO 2
H6: SISTEMA GENERAL DE REGALIAS
H7: 1000000 | O7: 1000000
C8: FECHA DE EMISIÓN: | H8: VIGENCIA 2024. CORTE ENERO DE 2024
C9: RESUMEN GENERAL
C10: DESCRIPCION | D10: DIRECCION | E10: APR. INICIAL | F10: APR. VIGENTE | G10: APR. CERTIFICADA | H10: CDP | I10: APR.BLOQUEADA | J10: APR. REDUCIDA | K10: APR. DISPONIBLE | L10: COMPROMISO | M10: RESERVA | N10: % RESERVA | O10: % COMPROMETIDO | P10: APR. POR COMPROMETER | Q10: OBLIGADO | R10: % OBLIGADO
C11: GASTOS DE PERSONAL | S11: 1000000
C12: ADQUISICIÓN DE BIENES Y SERVICIOS | D12: DAIRM | E12: 0 | F12: 0 | G12: 0 | H12: 0 | K12: =+F12-H12 -> 0 | L12: 0 | O12: =+IF(ISERROR(L12/F12),0,L12/F12) -> 0 | P12: =+F12-L12 -> 0 | Q12: 0 | R12: =+IF(ISERROR(Q12/F12),0,Q12/F12) -> 0
D13: DACNARP | E13: 0 | F13: 0 | G13: 0 | H13: 0 | K13: =+F13-H13 -> 0 | L13: 0 | O13: =+IF(ISERROR(L13/F13),0,L13/F13) -> 0 | P13: =+F13-L13 -> 0 | Q13: 0 | R13: =+IF(ISERROR(Q13/F13),0,Q13/F13) -> 0
D14: OAP | E14: 0 | F14: 0 | G14: 0 | H14: 0 | K14: =+F14-H14 -> 0 | L14: 0 | O14: =+IF(ISERROR(L14/F14),0,L14/F14) -> 0 | P14: 0 | Q14: 0 | R14: =+IF(ISERROR(Q14/F14),0,Q14/F14) -> 0
C15: TRANSFERENCIAS CORRIENTES | E15: 0 | F15: 0 | G15: 0 | K15: =+F15-H15 -> 0 | L15: 0 | Q15: 0
C16: TOTAL FUNCIONAMIENTO DEL SISTEMA GENERAL DE REGALIAS | E16: 0 | F16: =+F12+F13+F14 -> 0 | G16: =+G12+G13+G14 -> 0 | H16: =+H12+H13+H14 -> 0 | K16: =+F16-H16 -> 0 | L16: =SUM(L12:L15) -> 0 | O16: =+IF(ISERROR(L16/F16),0,L16/F16) -> 0 | Q16: 0 | R16: 0
C17: TOTAL FUNCIONAMIENTO DEL SISTEMA GENERAL DE REGALIAS | F17: 0 | G17: 248847.7 | H17: 0 | I17: 0 | J17: =SUMIF([3]base!$G$5:$AD$76,"C",[3]base!$V$5:$V$76) -> #VALUE! | K17: =(+F17-(I17+H17))/1000000 -> 0 | L17: =+L12+L13 -> 0 | M17: =+L17-Q17 -> 0 | N17: =+M17/(F17-I17) -> #DIV/0! | O17: 0 | P17: 0 | Q17: =+Q12 -> 0 | R17: 0
C18: TOTAL | E18: =+E16 -> 0 | F18: =+F16 -> 0 | G18: =+G12+G13+G14 -> 0 | H18: =+H16 -> 0 | I18: =+I12+I13+I14 -> 0 | J18: =+J12+J13+J14 -> 0 | K18: =+K12+K13+K14 -> 0 | L18: =+L12+L13+L14 -> 0 | M18: =+L18-Q18 -> 0 | N18: =+M18/(F18-I18) -> #DIV/0! | O18: =+IF(ISERROR(L18/F18),0,L18/F18) -> 0 | P18: =+P12+P13+P14 -> 0 | Q18: =+Q12+Q13+Q14 -> 0 | R18: =+IF(ISERROR(Q18/F18),0,Q18/F18) -> 0
D19: 1000000
C25: APROPIACION APLAZADA PROYECTOS DE IVERSION
C26: DEPENDENCIA | H26: RUBRO | Q26: VALOR APLAZADO
C27: DAIRM | H27: FORTALECIMIENTO DE LAS COMUNIDADES INDÍGENAS AFECTADAS POR LA AVENIDA TORRENCIAL EN EL MUNICIPIO DE MOCOA | Q27: 1000000000
H28: FORTALECIMIENTO DE LA CAPACIDAD ORGANIZATIVA DE LOS PUEBLOS INDÍGENAS EN EL TERRITORIO NACIONAL | Q28: 3605000000
H29: FORTALECIMIENTO ORGANIZATIVO EN EL DESARROLLO PROPIO Y LA INCLUSIÓN DEL PUEBLO RROM A NIVEL NACIONAL | Q29: 300000000
C30: ASUNTOS RELIGIOSOS | H30: CARACTERIZACIÓN DEL SECTOR RELIGIOSO EN EL MARCO DE LA POLÍTICA PÚBLICA DE LIBERTAD RELIGIOSA Y DE CULTOS NACIONAL | Q30: 200000000
C31: DEMOCRACIA | H31: FORTALECIMIENTO DE LAS CAPACIDADES DE GESTIÓN DE LOS ACTORES QUE PARTICIPAN EN LA IMPLEMENTACIÓN DE LA POLÍTICA PÚBLICA DE DISCAPACIDAD A NIVEL NACIONAL | Q31: 300000000
H32: FORTALECIMIENTO DE LAS CAPACIDADES DE LAS ORGANIZACIONES SOCIALES, COMUNALES Y COMUNITARIAS EN EL EJERCICIO DE LA PARTICIPACIÓN CIUDADANA A NIVEL NACIONAL | Q32: 2200000000
C33: DERECHOS HUMANOS | H33: FORTALECIMIENTO DE LA GESTIÓN TERRITORIAL EN LA GARANTÍA, PROMOCIÓN Y GOCE DE LOS DERECHOS HUMANOS A NIVEL NACIONAL | Q33: 1160000000
H34: FORTALECIMIENTO A LA GESTIÓN DE LOS CEMENTERIOS COMO RESTITUCIÓN DE DERECHOS DE VÍCTIMAS DE DESAPARICIÓN A NIVEL NACIONAL | Q34: 30461434
C35: DGGT | H35: FORTALECIMIENTO INSTITUCIONAL EN DESCENTRALIZACIÓN Y ORDENAMIENTO TERRITORIAL A NIVEL NACIONAL | Q35: 1962993187
H36: FORTALECIMIENTO DE LAS ENTIDADES TERRITORIALES EN EL MANEJO DE VIOLENCIA CONTRA LA MUJER A NIVEL NACIONAL | Q36: 300000000
H37: MEJORAMIENTO EN LA IMPLEMENTACIÓN DE POLÍTICAS PUBLICAS EN MATERIA DE TRATA DE PERSONAS A NIVEL NACIONAL | Q37: 311484467
C38: SUBDIRECCION DE INFRAESTRUCUTURA | H38: FORTALECIMIENTO DE LOS SISTEMAS INTEGRADOS DE EMERGENCIA Y SEGURIDAD SIES A NIVEL NACIONAL | Q38: 31685384000
C39: SUBDIRECCION DE SEGURIDAD Y CONVIVENCIA | H39: FORTALECIMIENTO DE LAS CAPACIDADES INSTITUCIONALES EN MATERIA DE SEGURIDAD, CONVIVENCIA CIUDADANA Y ORDEN PÚBLICO A NIVEL NACIONAL | Q39: 5004999999
C40: OAP | H40: FORTALECIMIENTO DEL SISTEMA INTEGRADO DE GESTIÓN DEL MINISTERIO DEL INTERIOR EN BOGOTÁ | Q40: 2120000000
C41: OIP | H41: MEJORAMIENTO DE LA INFRAESTRUCTURA TECNOLÓGICA E INTEGRACIÓN DE LOS SISTEMAS DE INFORMACIÓN DEL MINISTERIO DEL INTERIOR BOGOTÁ | Q41: 4000000000
H42: FORTALECIMIENTO DE LA COMUNICACIÓN Y LOS CANALES DE ATENCION AL CIUDADANO EN EL MINISTERIO DEL INTERIOR A NIVEL NACIONAL | Q42: 3000000000
C43: TOTAL | Q43: =SUM(Q27:Q42) -> 57180323087
F46: =+F18-[4]base!W76 -> #REF! | G46: =+G18-[4]base!X66 -> #REF! | H46: =+H18-[4]base!Y76 -> #REF! | I46: =+I18-[4]base!X76 -> #REF! | J46: =+[4]base!V76-#REF! -> #REF! | K46: =+K18-[4]base!Z76 -> #REF! | L46: =+L18-[4]base!AA76 -> #REF! | M46: =+M18-([4]base!AA76-[4]base!AB76) -> #REF! | P46: =([4]base!Z76-[4]base!AA76)-#REF! -> #REF! | Q46: =+Q18-[4]base!AB76 -> #REF!
F47: =(#REF!+'[4]VICE REL. POLÍTICAS'!E10+'[4]DESPACHO DEL MINISTRO '!E10+'[4]SECRE. GENERAL'!E10)-F18 -> #REF! | H47: =+(#REF!+'[4]VICE REL. POLÍTICAS'!F10+'[4]DESPACHO DEL MINISTRO '!F10+'[4]SECRE. GENERAL'!F10)-#REF! -> #REF! | K47: =+(#REF!+'[4]VICE REL. POLÍTICAS'!H10+'[4]DESPACHO DEL MINISTRO '!H10+'[4]SECRE. GENERAL'!H10)-#REF! -> #REF! | L47: =+(#REF!+'[4]VICE REL. POLÍTICAS'!I10+'[4]DESPACHO DEL MINISTRO '!I10+'[4]SECRE. GENERAL'!I10)-#REF! -> #REF! | P47: =+('[4]SECRE. GENERAL'!L10+'[4]DESPACHO DEL MINISTRO '!L10+'[4]VICE REL. POLÍTICAS'!L10+#REF!)-#REF! -> #REF! | Q47: =+(#REF!+'[4]VICE REL. POLÍTICAS'!M10+'[4]DESPACHO DEL MINISTRO '!M10+'[4]SECRE. GENERAL'!M10)-#REF! -> #REF!

Sheet CONSOLIDADO SECTOR INTERIOR
B3: SECTOR INTERIOR
B4: CONCEPTO | C4: APROPIACION INICIAL | D4: APROPIACION VIGENTE | E4: BLOQUEO | F4: APROPIACION DESPUES DE APLAZAMIENTO | G4: CDP | H4: % CDP | I4: APROPIACION DISPONIBLE | J4: COMPROMISO | K4: % COMPROMISOS | L4: OBLIGACIÓN | M4: % OBLIGACION
B5: GASTOS DE PERSONAL | C5: =+#REF! -> #REF! | D5: =+#REF! -> #REF! | E5: =+#REF! -> #REF! | F5: =+#REF! -> #REF! | G5: =+#REF! -> #REF! | H5: =+G5/F5 -> #REF! | I5: =+F5-G5 -> #REF! | J5: =+#REF! -> #REF! | K5: =+J5/F5 -> #REF! | L5: =+#REF! -> #REF! | M5: =+IF(ISERROR(L5/F5),0,L5/F5) -> 0
B6: ADQUISICIÓN DE BIENES Y SERVICIOS | C6: =+#REF! -> #REF! | D6: =+#REF! -> #REF! | E6: =+#REF! -> #REF! | F6: =+#REF! -> #REF! | G6: =+#REF! -> #REF! | H6: =+G6/F6 -> #REF! | I6: =+F6-G6 -> #REF! | J6: =+#REF! -> #REF! | K6: =+J6/F6 -> #REF! | L6: =+#REF! -> #REF! | M6: =+IF(ISERROR(L6/F6),0,L6/F6) -> 0
B7: TRANSFERENCIAS CORRIENTES | C7: =+#REF! -> #REF! | D7: =+#REF! -> #REF! | E7: =+#REF! -> #REF! | F7: =+#REF! -> #REF! | G7: =+#REF! -> #REF! | H7: =+G7/F7 -> #REF! | I7: =+F7-G7 -> #REF! | J7: =+#REF! -> #REF! | K7: =+J7/F7 -> #REF! | L7: =+#REF! -> #REF! | M7: =+IF(ISERROR(L7/F7),0,L7/F7) -> 0
B8: =+#REF! -> #REF! | C8: =+#REF! -> #REF! | D8: =+#REF! -> #REF! | E8: =+#REF! -> #REF! | F8: =+#REF! -> #REF! | G8: =+#REF! -> #REF! | H8: =+G8/F8 -> #REF! | I8: =+F8-G8 -> #REF! | J8: =+#REF! -> #REF! | K8: =+J8/F8 -> #REF! | L8: =+#REF! -> #REF! | M8: =+IF(ISERROR(L8/F8),0,L8/F8) -> 0
B9: GASTOS POR TRIBUTOS, MULTAS, SANCIONES E INTERESES DE MORA | C9: =+#REF! -> #REF! | D9: =+#REF! -> #REF! | E9: =+#REF! -> #REF! | F9: =+#REF! -> #REF! | G9: =+#REF! -> #REF! | H9: =+G9/F9 -> #REF! | I9: =+F9-G9 -> #REF! | J9: =+#REF! -> #REF! | K9: =+J9/F9 -> #REF! | L9: =+#REF! -> #REF! | M9: =+IF(ISERROR(L9/F9),0,L9/F9) -> 0
B10: SERVICIO A LA DEUDA | C10: =+#REF! -> #REF! | D10: =+#REF! -> #REF! | E10: =+#REF! -> #REF! | F10: =+#REF! -> #REF! | G10: =+#REF! -> #REF! | H10: =+G10/F10 -> #REF! | I10: =+F10-G10 -> #REF! | J10: =+#REF! -> #REF! | K10: =+J10/F10 -> #REF! | L10: =+#REF! -> #REF! | M10: =+IF(ISERROR(L10/F10),0,L10/F10) -> 0
B11: APORTES AL FONDO DE CONTINGENAS | C11: =+#REF! -> #REF! | D11: =+#REF! -> #REF! | E11: =+#REF! -> #REF! | F11: =+#REF! -> #REF! | G11: =+#REF! -> #REF! | H11: =+G11/F11 -> #REF! | I11: =+F11-G11 -> #REF! | J11: =+#REF! -> #REF! | K11: =+J11/F11 -> #REF! | L11: =+#REF! -> #REF! | M11: =+IF(ISERROR(L11/F11),0,L11/F11) -> 0
B12: FUNCIONAMIENTO | C12: =SUM(C5:C11) -> #REF! | D12: =SUM(D5:D11) -> #REF! | E12: =SUM(E5:E11) -> #REF! | F12: =SUM(F5:F11) -> #REF! | G12: =SUM(G5:G11) -> #REF! | H12: =+G12/F12 -> #REF! | I12: =SUM(I5:I11) -> #REF! | J12: =SUM(J5:J11) -> #REF! | K12: =+J12/F12 -> #REF! | L12: =SUM(L5:L11) -> #REF! | M12: =+IF(ISERROR(L12/F12),0,L12/F12) -> 0
B13: INVERSION | C13: =+#REF! -> #REF! | D13: =+#REF! -> #REF! | E13: =+#REF! -> #REF! | F13: =+#REF! -> #REF! | G13: =+#REF! -> #REF! | H13: =+G13/F13 -> #REF! | I13: =+F13-G13 -> #REF! | J13: =+#REF! -> #REF! | K13: =+J13/F13 -> #REF! | L13: =+#REF! -> #REF! | M13: =+IF(ISERROR(L13/F13),0,L13/F13) -> 0
B14: INVERSIÓN | C14: =+C13 -> #REF! | D14: =+D13 -> #REF! | E14: =+E13 -> #REF! | F14: =+F13 -> #REF! | G14: =+G13 -> #REF! | H14: =+G14/F14 -> #REF! | I14: =+F14-G14 -> #REF! | J14: =+J13 -> #REF! | K14: =+J14/F14 -> #REF! | L14: =+L13 -> #REF! | M14: =+IF(ISERROR(L14/F14),0,L14/F14) -> 0
B15: TOTAL PGN | C15: =+C12+C14 -> #REF! | D15: =+D12+D14 -> #REF! | E15: =+E12+E14 -> #REF! | F15: =+F12+F14 -> #REF! | G15: =+G12+G14 -> #REF! | H15: =+G15/F15 -> #REF! | I15: =+F15-G15 -> #REF! | J15: =+J12+J14 -> #REF! | K15: =+J15/F15 -> #REF! | L15: =+L12+L14 -> #REF! | M15: =+IF(ISERROR(L15/F15),0,L15/F15) -> 0
B16: FUNCIONAMIENTO REGALÍAS | C16: =+'CONSOLIDADO '!B17 -> 0 | D16: =+'CONSOLIDADO '!F18 -> 0 | E16: 0 | F16: =+D16-E16 -> 0 | G16: =+'CONSOLIDADO '!G17 -> 0 | H16: =+IF(ISERROR(G16/F16),0,G16/F16) -> 0 | I16: =+F16-G16 -> 0 | J16: =+'CONSOLIDADO '!J18 -> 0 | K16: =+IF(ISERROR(J16/D16),0,J16/D16) -> 0 | L16: =+'CONSOLIDADO '!M18 -> 0 | M16: =+IF(ISERROR(L16/F16),0,L16/F16) -> 0
B17: TOTAL REGALÍAS | C17: =+C16 -> 0 | D17: =+D16 -> 0 | E17: =+E16 -> 0 | F17: =+F16 -> 0 | G17: =+G16 -> 0 | H17: =+IF(ISERROR(G17/F17),0,G17/F17) -> 0 | I17: =+F17-G17 -> 0 | J17: =+J16 -> 0 | K17: =+IF(ISERROR(J17/D17),0,J17/D17) -> 0 | L17: =+L16 -> 0 | M17: =+IF(ISERROR(L17/F17),0,L17/F17) -> 0
B18: TOTAL SECTOR INTERIOR | C18: =+C15+C17 -> #REF! | D18: =+D15+D17 -> #REF! | E18: =+E15+E17 -> #REF! | F18: =+F15+F17 -> #REF! | G18: =+G15+G17 -> #REF! | H18: =+G18/F18 -> #REF! | I18: =+F18-G18 -> #REF! | J18: =+J15+J17 -> #REF! | K18: =+J18/F18 -> #REF! | L18: =+L15+L17 -> #REF! | M18: =+IF(ISERROR(L18/F18),0,L18/F18) -> 0

Sheet GLOSARIO
A2: =+'POR DIRECCIONES'!A4:P4 -> 46265
A3: GLOSARIO
A6: Apropiación Presupuestal: Autorización máxima de gasto incluida en el anexo del Decreto de liquidación presupuestal para una entidad durante una vigencia fiscal determinada.
A7: apropiación sin comprometer: Corresponde a la resta de la apropiación definitiva menos lo compromisos.
A8: Aplazamiento / Bloqueo Presupuestal: Aplazamiento / Bloqueo Presupuestal: Apropiación suspendida para su afectación.. Se hace en cualquier mes del año fiscal, A diferencia de la reducción presupuestal, el aplazamiento es una operación presupuestal de carácter temporal de suspensión de autorizaciones de ejecución de apropiaciones, que puede ser levantada o modificada en su composición, teniendo en cuenta los requisitos que para estos efectos defina el decreto por el cual se ordena el aplazamiento respectivo
A9: Certificado de Disponibilidad Presupuestal: Documento expedido por el jefe de presupuesto o quien haga sus veces con el cual se garantiza la existencia de apropiación presupuestal disponible y libre de afectación con cargo al presupuesto de la vigencia fiscal. Este documento afecta preliminarmente el presupuesto mientras se perfecciona el compromiso. Puede ser de tipo gasto (para la suscripción de compromisos) y tipo modificación (con el fin de modificar el anexo de decreto de liquidación del presupuesto de cada vigencia).
A10: Compromiso: Actos y contratos expedidos o celebrados por los órganos públicos, en desarrollo de la capacidad de contratar y comprometer el presupuesto. Se realizan en cumplimiento de las funciones públicas asignadas por la Ley y deben desarrollar el objeto de la apropiación presupuestal.
A11: Obligación: Se entiende por obligación exigible de pago el monto adeudado por el ente público como consecuencia del perfeccionamiento y cumplimiento –total o parcial- de los compromisos adquiridos, equivalente al valor de los bienes recibidos, servicios prestados y demás exigibles pendientes de pago, incluidos los anticipos no pagados que se hayan pactado en desarrollo de las normas presupuestales y de contratación administrativa.
A12: Gastos de Funcionamiento: Los que tienen por objeto atender las necesidades de los órganos para cumplir a cabalidad con las funciones asignadas en la Constitución y la Ley, tales como gastos de personal, gastos generales y transferencias corrientes.
A13: Gastos de Inversión: Conjunto de actividades registradas en el marco de un proyecto registrado en el Banco Proyectos de Inversión Nacional - BPIN, encaminadas a acrecentar la capacidad de producción y la productividad en el campo de la estructura física, económica y social.
A14: Ejecución vigencia 2023. Reporte 17 de julio de 2023

Sheet GRAFICAS DE TENDENCIA 
D2: Compromiso | F2: Obligaciones | H2: CONSOLIDADO MINISTERIO
A3: Consolidado | D3: Meta | E3: Ejecutado | F3: Meta | G3: Ejecutado
B4: Enero | C4: 861993 | D4: 0 | E4: 0.1 | F4: 0 | G4: 0
B5: Febrero | C5: 863051.66 | D5: 0.2 | E5: 0.5 | F5: 0.2 | G5: 0.010639231
J16: Obligaciones
J18: Obligaciones
D27: Compromiso | F27: Obligaciones
A28: V. Diálogo Social | D28: Meta | E28: Ejecutado | F28: Meta | G28: Ejecutado
B29: Enero | C29: 208122 | D29: 0.38 | E29: 0.03 | F29: 0 | G29: 0 | H29: DESPACHO DEL VICEMINISTRO PARA EL DIÁLOGO SOCIAL, LA IGUALDAD Y LOS DERECHOS HUMANOS
B30: febrero | C30: 209181.19 | D30: 0.5 | E30: 0.09 | F30: 0.02 | G30: 0.013554658
D58: Compromiso | F58: Obligaciones
A59: V. General | D59: Meta | E59: Ejecutado | F59: Meta | G59: Ejecutado
B60: Enero | C60: 537791 | D60: 0.38 | E60: =+#REF! -> #REF! | F60: 0 | G60: =+#REF! -> #REF! | H60: DESPACHO DEL VICEMINISTRO GENERAL DEL INTERIOR
B61: febrero | C61: 537791 | D61: 0.5 | E61: 0.53554127 | F61: 0.02 | G61: 0.004481698
B62: marzo
B63: abril
B64: mayo
B65: Junio
B66: Julio
B67: agosto
B68: sept
B69: Oct
B70: Nov
B71: Dic
C92: COMPROMISOS
B94: Mes | C94: Ene | D94: feb | N94: Dic
B95: Meta | C95: 0.38 | D95: 0.5
C97: OBLIGACIONES
B99: Mes | C99: Ene | D99: feb | E99: Mar | F99: Abr | G99: May | H99: Jun | I99: Jul | J99: Ago | K99: Sep | L99: Oct | M99: Nov | N99: Dic
B100: Meta | C100: 0 | D100: 0.02

Sheet Comparativo Sector
B1: =+'CONSOLIDADO '!A20 -> Ejecución vigencia 2026. 31 agosto 2026
B3: =+'CONSOLIDADO '!A20 -> Ejecución vigencia 2026. 31 agosto 2026
B4: Entidad | C4: Tipo de Gasto | D4: Apropiación Inicial | E4: Apropiación* | F4: compromiso | G4: % compromiso | H4: obligaciòn | I4: % Obligación | J4: Pagos
B5: Ministerio del Interior - Gestión General | C5: Funcionamiento | D5: =+'CONSOLIDADO '!B13 -> 1114963.6 | E5: =+'CONSOLIDADO '!F13 -> 1025073.1 | F5: =+'CONSOLIDADO '!J13 -> 844390.66 | G5: =+F5/E5 -> 0.82373699 | H5: =+'CONSOLIDADO '!M13 -> 221741.5 | I5: =+H5/E5 -> 0.21631774 | J5: =+'CONSOLIDADO '!P13 -> #REF!
C6: Inversión | D6: =+'CONSOLIDADO '!B15 -> 314006.7 | E6: =+'CONSOLIDADO '!F15 -> 247697.02 | F6: =+'CONSOLIDADO '!J15 -> 177357.52 | G6: =+F6/E6 -> 0.71602605 | H6: =+'CONSOLIDADO '!M14 -> 51112.833 | I6: =+H6/E6 -> 0.20635223 | J6: =+'CONSOLIDADO '!P15 -> #REF!
C7: Regalías | D7: =+'CONSOLIDADO '!B18 -> 0 | E7: =+'DATOS REGALIAS'!F18 -> 0 | F7: =+'DATOS REGALIAS'!L18 -> 0 | G7: =+IF(ISERROR(F7/E7),0,F7/E7) -> 0 | H7: =+'DATOS REGALIAS'!L18 -> 0 | I7: 0 | J7: =+'CONSOLIDADO '!P18 -> 0
C8: Total | D8: =+D5+D6+D7 -> 1428970.3 | E8: =+E5+E6+E7 -> 1272770.2 | F8: =+F5+F6+F7 -> 1021748.2 | G8: =+F8/E8 -> 0.80277509 | H8: =+H5+H6+H7 -> 272854.34 | I8: =+H8/E8 -> 0.21437833 | J8: =+J5+J7+J6 -> #REF!
B9: Unidad Nacional de Protección – UNP | C9: Funcionamiento | D9: =+#REF!-#REF! -> #REF! | E9: =+#REF!-#REF! -> #REF! | F9: =+#REF!-#REF! -> #REF! | G9: =+F9/E9 -> #REF! | H9: =+#REF!-#REF! -> #REF! | I9: =+H9/E9 -> #REF! | J9: =+#REF!-#REF! -> #REF!
C10: Servicio a la deuda | D10: =+#REF! -> #REF! | E10: =+#REF! -> #REF! | F10: =+#REF! -> #REF! | G10: =+F10/E10 -> #REF! | H10: =+#REF! -> #REF! | I10: =+H10/E10 -> #REF! | J10: =+#REF! -> #REF!
C11: Inversión | D11: =+#REF! -> #REF! | E11: =+#REF! -> #REF! | F11: =+#REF! -> #REF! | G11: =+F11/E11 -> #REF! | H11: =+#REF! -> #REF! | I11: =+H11/E11 -> #REF! | J11: =+#REF! -> #REF!
C12: Total | D12: =+D9+D10+D11 -> #REF! | E12: =+E9+E10+E11 -> #REF! | F12: =+F9+F10+F11 -> #REF! | G12: =+F12/E12 -> #REF! | H12: =+H9+H11+H10 -> #REF! | I12: =+H12/E12 -> #REF! | J12: =+J9+J11+J10 -> #REF!
B13: Corporación Nasa KiWe | C13: Funcionamiento | D13: =+#REF! -> #REF! | E13: =+#REF! -> #REF! | F13: =+#REF! -> #REF! | G13: =+F13/E13 -> #REF! | H13: =+#REF! -> #REF! | I13: =+H13/E13 -> #REF! | J13: =+#REF! -> #REF!
C14: Inversión | D14: =+#REF! -> #REF! | E14: =+#REF! -> #REF! | F14: =+#REF! -> #REF! | G14: =+F14/E14 -> #REF! | H14: =+#REF! -> #REF! | I14: =+H14/E14 -> #REF! | J14: =+#REF! -> #REF!
C15: Total | D15: =+D13+D14 -> #REF! | E15: =+E13+E14 -> #REF! | F15: =+F13+F14 -> #REF! | G15: =+F15/E15 -> #REF! | H15: =+H13+H14 -> #REF! | I15: =+H15/E15 -> #REF! | J15: =+J13+J14 -> #REF!
B16: Dirección Nacional de Bomberos | C16: Funcionamiento | D16: =+#REF! -> #REF! | E16: =+#REF! -> #REF! | F16: =+#REF! -> #REF! | G16: =+F16/E16 -> #REF! | H16: =+#REF! -> #REF! | I16: =+H16/E16 -> #REF! | J16: =+#REF! -> #REF!
C17: Inversión | D17: =+#REF! -> #REF! | E17: =+#REF! -> #REF! | F17: =+#REF! -> #REF! | G17: =+F17/E17 -> #REF! | H17: =+#REF! -> #REF! | I17: =+H17/E17 -> #REF! | J17: =+#REF! -> #REF!
C18: Total | D18: =+D16+D17 -> #REF! | E18: =+E16+E17 -> #REF! | F18: =+F16+F17 -> #REF! | G18: =+F18/E18 -> #REF! | H18: =+H16+H17 -> #REF! | I18: =+H18/E18 -> #REF! | J18: =+J16+J17 -> #REF!
B19: Dirección Nacional del Derecho De Autor | C19: Funcionamiento | D19: =+#REF! -> #REF! | E19: =+#REF! -> #REF! | F19: =+#REF! -> #REF! | G19: =+F19/E19 -> #REF! | H19: =+#REF! -> #REF! | I19: =+H19/E19 -> #REF! | J19: =+#REF! -> #REF!
C20: Inversión | D20: =+#REF! -> #REF! | E20: =+#REF! -> #REF! | F20: =+#REF! -> #REF! | G20: =+F20/E20 -> #REF! | H20: =+#REF! -> #REF! | I20: =+H20/E20 -> #REF! | J20: =+#REF! -> #REF!
C21: Total | D21: =+D19+D20 -> #REF! | E21: =+E19+E20 -> #REF! | F21: =+F19+F20 -> #REF! | G21: =+F21/E21 -> #REF! | H21: =+H19+H20 -> #REF! | I21: =+H21/E21 -> #REF! | J21: =+J19+J20 -> #REF!
B22: TOTAL | D22: =+D8+D12+D15+D18+D21 -> #REF! | E22: =+E8+E12+E15+E18+E21 -> #REF! | F22: =+F8+F12+F15+F18+F21 -> #REF! | G22: =+F22/E22 -> #REF! | H22: =+H8+H12+H15+H18+H21 -> #REF! | I22: =+H22/E22 -> #REF! | J22: =+J8+J12+J15+J18+J21 -> #REF!

Sheet BOMBEROS
A2: cifras en millones de pesos
A3: DIRECCIÓN NACIONAL DE BOMBEROS DE COLOMBIA
A4: CONCEPTO | B4: APROPIACION INICIAL | C4: APROPIACION VIGENTE | D4: BLOQUEO | E4: APROPIACION DESPUES DE APLAZAMIENTO | F4: CDP | G4: % CDP | H4: APROPIACION DISPONIBLE | I4: COMPROMISO | J4: % COMPROMISOS | K4: OBLIGACIÓN | L4: % OBLIGACION
A5: GASTOS DE PERSONAL | B5: =+#REF! -> #REF! | C5: =+#REF! -> #REF! | D5: =+#REF! -> #REF! | E5: =+#REF! -> #REF! | F5: =+#REF! -> #REF! | G5: =+F5/E5 -> #REF! | H5: =+E5-F5 -> #REF! | I5: =+#REF! -> #REF! | J5: =+I5/E5 -> #REF! | K5: =+#REF! -> #REF! | L5: =+K5/E5 -> #REF!
A6: ADQUISICIÓN DE BIENES Y SERVICIOS | B6: =+#REF! -> #REF! | C6: =+#REF! -> #REF! | D6: =+#REF! -> #REF! | E6: =+#REF! -> #REF! | F6: =+#REF! -> #REF! | G6: =+F6/E6 -> #REF! | H6: =+E6-F6 -> #REF! | I6: =+#REF! -> #REF! | J6: =+I6/E6 -> #REF! | K6: =+#REF! -> #REF! | L6: =+K6/E6 -> #REF!
A7: GASTOS POR TRIBUTOS, MULTAS, SANCIONES E INTERESES DE MORA | B7: =+#REF! -> #REF! | C7: =+#REF! -> #REF! | D7: =+#REF! -> #REF! | E7: =+#REF! -> #REF! | F7: =+#REF!+#REF! -> #REF! | G7: =+F7/E7 -> #REF! | H7: =+E7-F7 -> #REF! | I7: =+#REF!+#REF! -> #REF! | J7: =+I7/E7 -> #REF! | K7: =+#REF! -> #REF! | L7: =+K7/E7 -> #REF!
A8: FUNCIONAMIENTO | B8: =+#REF! -> #REF! | C8: =+#REF! -> #REF! | D8: =+#REF! -> #REF! | E8: =+#REF! -> #REF! | F8: =SUM(F5:F7) -> #REF! | G8: =+F8/E8 -> #REF! | H8: =+E8-F8 -> #REF! | I8: =SUM(I5:I7) -> #REF! | J8: =+I8/E8 -> #REF! | K8: =+#REF! -> #REF! | L8: =+K8/E8 -> #REF!
A9: INVERSION | B9: =+#REF! -> #REF! | C9: =+#REF! -> #REF! | D9: =+#REF! -> #REF! | E9: =+#REF! -> #REF! | F9: =+#REF! -> #REF! | G9: =+F9/E9 -> #REF! | H9: =+E9-F9 -> #REF! | I9: =+#REF! -> #REF! | J9: =+I9/E9 -> #REF! | K9: =+#REF! -> #REF! | L9: =+K9/E9 -> #REF!
A10: INVERSIÓN | B10: =+#REF! -> #REF! | C10: =+#REF! -> #REF! | D10: =+#REF! -> #REF! | E10: =+#REF! -> #REF! | F10: =+F9 -> #REF! | G10: =+F10/E10 -> #REF! | H10: =+E10-F10 -> #REF! | I10: =+#REF! -> #REF! | J10: =+I10/E10 -> #REF! | K10: =+#REF! -> #REF! | L10: =+K10/E10 -> #REF!
A11: TOTAL | B11: =+B10+B8 -> #REF! | C11: =+C10+C8 -> #REF! | D11: =+D10+D8 -> #REF! | E11: =+E10+E8 -> #REF! | F11: =+F10+F8 -> #REF! | G11: =+F11/E11 -> #REF! | H11: =+E11-F11 -> #REF! | I11: =+I10+I8 -> #REF! | J11: =+I11/E11 -> #REF! | K11: =+K10+K8 -> #REF! | L11: =+K11/E11 -> #REF!

Sheet DER AUTOR
A3: cifras en millones de pesos
A4: DIRECCION NACIONAL DE DERECHO DE AUTOR
A5: CONCEPTO | B5: APROPIACION INICIAL | C5: APROPIACION VIGENTE | D5: BLOQUEO | E5: APROPIACION DESPUES DE APLAZAMIENTO | F5: CDP | G5: % CDP | H5: APROPIACIÓN DISPONIBLE | I5: COMPROMISO | J5: % COMPROMISO | K5: OBLIGACIÓN | L5: % OBLIGACION
A6: GASTOS DE PERSONAL | B6: =+#REF! -> #REF! | C6: =+#REF! -> #REF! | D6: =+#REF! -> #REF! | E6: =+#REF! -> #REF! | F6: =+#REF! -> #REF! | G6: =+F6/E6 -> #REF! | H6: =+E6-F6 -> #REF! | I6: =+#REF! -> #REF! | J6: =+I6/E6 -> #REF! | K6: =+#REF! -> #REF! | L6: =+K6/E6 -> #REF!
A7: ADQUISICIÓN DE BIENES Y SERVICIOS | B7: =+#REF! -> #REF! | C7: =+#REF! -> #REF! | D7: =+#REF! -> #REF! | E7: =+#REF! -> #REF! | F7: =+#REF! -> #REF! | G7: =+F7/E7 -> #REF! | H7: =+E7-F7 -> #REF! | I7: =+#REF! -> #REF! | J7: =+I7/E7 -> #REF! | K7: =+#REF! -> #REF! | L7: =+K7/E7 -> #REF!
A8: TRANSFERENCIAS CORRIENTES | B8: =+#REF! -> #REF! | C8: =+#REF! -> #REF! | D8: =+#REF! -> #REF! | E8: =+#REF! -> #REF! | F8: =+#REF! -> #REF! | G8: =+F8/E8 -> #REF! | H8: =+E8-F8 -> #REF! | I8: =+#REF! -> #REF! | J8: =+I8/E8 -> #REF! | K8: =+#REF! -> #REF! | L8: =+K8/E8 -> #REF!
A9: GASTOS POR TRIBUTOS, MULTAS, SANCIONES E INTERESES DE MORA | B9: =+#REF! -> #REF! | C9: =+#REF! -> #REF! | D9: =+#REF! -> #REF! | E9: =+#REF! -> #REF! | F9: =+#REF! -> #REF! | G9: =+F9/E9 -> #REF! | H9: =+E9-F9 -> #REF! | I9: =+#REF! -> #REF! | J9: =+I9/E9 -> #REF! | K9: =+#REF! -> #REF! | L9: =+K9/E9 -> #REF!
A10: FUNCIONAMIENTO | B10: =+#REF! -> #REF! | C10: =+#REF! -> #REF! | D10: =+#REF! -> #REF! | E10: =+#REF! -> #REF! | F10: =SUM(F6:F9) -> #REF! | G10: =+F10/E10 -> #REF! | H10: =+E10-F10 -> #REF! | I10: =+#REF! -> #REF! | J10: =+I10/E10 -> #REF! | K10: =+#REF! -> #REF! | L10: =+K10/E10 -> #REF!
A11: INVERSION | B11: =+#REF! -> #REF! | C11: =+#REF! -> #REF! | D11: =+#REF! -> #REF! | E11: =+#REF! -> #REF! | F11: =+#REF! -> #REF! | G11: =+F11/E11 -> #REF! | H11: =+E11-F11 -> #REF! | I11: =+#REF! -> #REF! | J11: =+I11/E11 -> #REF! | K11: =+#REF! -> #REF! | L11: =+K11/E11 -> #REF!
A12: INVERSIÓN | B12: =+B11 -> #REF! | C12: =+C11 -> #REF! | D12: =+D11 -> #REF! | E12: =+E11 -> #REF! | F12: =+F11 -> #REF! | G12: =+F12/E12 -> #REF! | H12: =+E12-F12 -> #REF! | I12: =+I11 -> #REF! | J12: =+I12/E12 -> #REF! | K12: =+K11 -> #REF! | L12: =+K12/E12 -> #REF!
A13: TOTAL | B13: =+B12+B10 -> #REF! | C13: =+C12+C10 -> #REF! | D13: =+D12+D10 -> #REF! | E13: =+E12+E10 -> #REF! | F13: =+F12+F10 -> #REF! | G13: =+F13/E13 -> #REF! | H13: =+E13-F13 -> #REF! | I13: =+I12+I10 -> #REF! | J13: =+I13/E13 -> #REF! | K13: =+K12+K10 -> #REF! | L13: =+K13/E13 -> #REF!
